 Dungeon Crawl Stone Soup version 0.20.1-1-g8b1a95d (webtiles) character file.

1552216 Krampus the Conqueror (level 27, 149/149 HPs)
             Began as a Felid Venom Mage on Jan 24, 2019.
             Was the Champion of Cheibriados.
             Escaped with the Orb
             ... and 4 runes on Jan 27, 2019!
             The game lasted 1 day 03:49:01 (257672 turns).

Krampus the Conqueror (Felid Venom Mage)      Turns: 257672, Time: 1 , 03:49:02

Health: 149/149    AC:  6    Str: 20      XL:     27
Magic:  46/46      EV: 50    Int: 37 (39) God:    Cheibriados [******]
Gold:   5446       SH:  0    Dex: 33      Spells: 0/74 levels left
                                        Lives:  1   Deaths: 9

rFire    + + .     SeeInvis +     - Unarmed
rCold    + . .     Gourm    .   (shield unavailable)
rNeg     . . .     Faith    .   (armour unavailable)
rPois    .         Spirit   .   (helmet unavailable)
rElec    .         Reflect  .   (cloak unavailable)
rCorr    .         Harm     .   (gloves unavailable)
MR       ++++.     Clarity  +   (boots unavailable) Stlth +++.......Rnd*Tele +
                                Z - amulet "Vynam" {rF++ Regen+}
Regen    0.8/turn               y - +6 ring of evasion
MPRegen  0.3/turn               w - ring "Qoaxzaoc" {+Inv Str-5 Int+4 SInv}

@: deflect missiles, very slow
A: no armour, no weapons or thrown items, stealth, claws 1, fangs 3, horns 1,
repulsion field 1, molten scales 2, see invisible, carnivore 3, clarity, clumsy
1, deterioration 1, speed 1, low mp 1, mutation resistance 1, screaming 1,
shaggy fur 3, slow metabolism 1, teleportitis 1, MP-powered wands, sharp paws
0: Orb of Zot
}: 4/15 runes: serpentine, barnacled, slimy, silver
a: Bend Time, Temporal Distortion, Slouch, Step From Time, Renounce Religion,
Evoke Invisibility


You escaped.
You worshipped Cheibriados.
Cheibriados was exalted by your worship.
You were full.

You visited 15 branches of the dungeon, and saw 72 of its levels.
You visited 1 ziggurat, and saw 14 of its levels.
You also visited: Ice Cave.

You collected 7970 gold pieces.
You spent 2524 gold pieces at shops.

Inventory:

Jewellery
 p - an uncursed ring of fire
 s - a +2 ring of protection
 w - the ring "Qoaxzaoc" (right paw) {+Inv Str-5 Int+4 SInv}
   (You took it off a hell knight on level 3 of the Depths)

   [ring of see invisible]

   It affects your strength (-5).
   It affects your intelligence (+4).
   It lets you see invisible.
   It lets you turn invisible.
 y - a +6 ring of evasion (left paw)
 D - an uncursed ring of flight
 N - an uncursed ring of resist corrosion
 O - the ring of the Townfolk {Ice rPois Dex+3}
   (You found it on level 5 of the Vaults)

   [ring of ice]

   It enhances your ice magic.
   It affects your dexterity (+3).
   It makes you vulnerable to fire.
   It protects you from cold.
   It protects you from poison.
 X - the amulet of the Four Winds {rN+ MR+++ Clar}
   (You took it off Mennas on level 5 of the Vaults)

   [amulet of nothing]

   It protects you from negative energy.
   It affects your resistance to hostile enchantments.
   It protects you against confusion.
 Z - the amulet "Vynam" (around neck) {rF++ Regen+}
   (You acquired it on level 4 of the Snake Pit)

   [amulet of regeneration]

   It greatly protects you from fire.
   It increases your rate of regeneration.
Wands
 a - a wand of iceblast (6/15)
 d - a wand of iceblast (5/15)
 q - a wand of acid (6/15)
 F - a wand of digging (23/24)
 J - a wand of acid (8/15)
 T - a wand of acid (15/15)
Scrolls
 e - a scroll of recharging
 f - 5 scrolls of magic mapping
 j - 17 scrolls of remove curse
 k - 3 scrolls of blinking
 n - 4 scrolls of fear
 u - 3 scrolls of fog
 v - 11 scrolls of teleportation
 A - 7 scrolls of immolation
 L - 3 scrolls of silence
 R - 7 scrolls of identify
 Y - 3 scrolls of summoning
Potions
 i - 9 potions of curing
 t - 2 potions of resistance
 z - 6 potions of agility
 C - 9 potions of might
 M - a potion of brilliance
 U - 4 potions of cancellation
Books
 P - a Necronomicon

   Spells                             Type                      Level
   a - Haunt                          Necromancy/Summoning         7
   b - Borgnjor's Revivification      Necromancy                   8
   c - Death's Door                   Charms/Necromancy            8
   d - Infestation                    Necromancy                   8
   e - Necromutation                  Transmutation/Necromancy     8
 S - Niesitiss's Volume of Dislocated Malediction
   (You found it on level 5 of the Pits of Slime)

   Spells                             Type                      Level
   a - Ensorcelled Hibernation        Hexes/Ice                    2
   b - Blink                          Translocation                2
   c - Inner Flame                    Hexes/Fire                   3
   d - Force Lance                    Conjuration/Translocation    4
   e - Darkness                       Hexes                        6
Miscellaneous
 m - a lightning rod (4/4)
 r - 7 sacks of spiders
 Q - a lamp of fire
 V - the horn of Geryon
 W - 3 phantom mirrors
Comestibles
 b - 19 meat rations
 g - 18 royal jellies


   Skills:
 O Level 27 Fighting
 + Level 20.3 Dodging
 - Level 20.9 Stealth
 O Level 27 Unarmed Combat
 - Level 24.1 Spellcasting
 - Level 20.2 Conjurations
 - Level 8.2 Charms
 - Level 22.2 Summonings
 - Level 8.8 Necromancy
 - Level 20.1 Translocations
 - Level 16.3 Transmutations
   Level 7.2 Fire Magic
 - Level 4.0 Air Magic
 - Level 9.0 Earth Magic
 - Level 8.1 Poison Magic
 - Level 11.7 Invocations
 - Level 7.0 Evocations


You couldn't memorise any spells.
You knew the following spells:

 Your Spells              Type           Power        Failure   Level  Hunger
a - Summon Horrible Thin  Summ           ########..   1%          8    None
b - Irradiate             Conj/Tmut      ########..   0%          5    None
c - Statue Form           Tmut/Erth      #######..    1%          6    None
d - Olgreb's Toxic Radia  Pois           #######.     1%          4    None
e - Disjunction           Tloc           ########..   1%          8    None
f - Spellforged Servitor  Conj/Summ      ########..   1%          7    None
g - Deflect Missiles      Chrm/Air       ######....   6%          6    None
h - Summon Hydra          Summ           ########..   1%          7    None
i - Summon Butterflies    Summ           ########     0%          1    None
j - Magic Dart            Conj           ####         0%          1    None
k - Malign Gateway        Summ/Tloc      ########..   1%          7    None
l - Apportation           Tloc           ######       0%          1    None
m - Regeneration          Chrm/Necr      #######...   1%          3    None
n - Passwall              Tmut/Erth      #######...   0%          2    None
o - Orb of Destruction    Conj           ########..   1%          7    None
p - Confusing Touch       Hex            #####.       1%          1    None


Dungeon Overview and Level Annotations

Branches:
Dungeon (15/15)            Temple (1/1) D:6            Lair (6/6) D:9
 Shoals (4/4) Lair:4        Snake (4/4) Lair:2        Slime (5/5) Lair:5
    Orc (2/2) D:9             Elf (3/3) Orc:2        Vaults (5/5) D:14
  Crypt (3/3) Vaults:2       Tomb (0/3) Crypt:3      Depths (5/5) D:15
   Hell (1/1)                 Dis (6/7) Hell            Geh (7/7) Hell
    Coc (0/7) Hell            Tar (0/7) Hell            Zot (5/5) Depths:5

Altars:
Ashenzari
Cheibriados
Dithmenos
Elyvilon
Fedhas
Gozag
Hepliaklqana
Kikubaaqudgha
Makhleb
Nemelex Xobeh
Okawaru
Qazlal
Ru
Sif Muna
Trog
Uskayaw
Vehumet
Xom
Yredelemnul
Zin
The Shining One
Beogh

Shops:
D:5 [   D:8 }   D:10 *   D:14 }   D:15 [   Orc:2 *[:(   Shoals:4 [   Vaults:2 [
Vaults:5 :   Depths:1 [   Depths:3 [   Depths:4 =[

Portals:
Hell: Depths:1 Depths:2 Depths:3 Depths:4 Depths:5
Abyss: Depths:4
Pandemonium: Depths:3

Annotations:
D:5 exclusion: 2 downstairs
Shoals:2 exclusion: downstairs
Shoals:4 Ilsuiw
Slime:5 exclusion: upstairs
Orc:1 exclusion: downstairs
Orc:2 1 exclusion
Elf:2 exclusion: downstairs
Vaults:1 exclusion: downstairs
Crypt:1 exclusion: downstairs
Zot:5 1 exclusion


Innate Abilities, Weirdness & Mutations

You cannot wear armour.
You are incapable of wielding weapons or throwing items.
Your paws allow you to move quietly. (Stealth)
You have sharp claws.
You have razor-sharp teeth.
You have supernaturally acute eyesight. (SInv)
You are carnivorous and can eat meat at any time.
You cover ground quickly.
Your thick and shaggy fur keeps you warm. (AC +3, rC+)
You have a slow metabolism.
Your sharp claws are effective at attacking unaware monsters.
You have a pair of small horns on your head.
You are surrounded by a mild repulsion field. (EV +2)
You are mostly covered in molten scales. (AC +3)
You possess an exceptional clarity of mind.
You are clumsy. (Dex -2)
Your body sometimes deteriorates upon taking damage.
Your magical capacity is low. (-10% MP)
You are somewhat resistant to further mutation.
You occasionally shout uncontrollably at your foes.
You are occasionally teleported next to monsters.
You expend magic power (3 MP) to strengthen your wands.


Message History

You climb upwards.
Your summoned ally is left behind.
There is a stone staircase leading down here.
Unknown command.
Unknown command.
You see here a club.
You hiss at the orange demon!
An orange demon comes into view.
A quokka comes into view.
There is a stone staircase leading up here.
You see here a stone.
The orange demon completely misses you.
You climb upwards.
There is a stone staircase leading down here.
Casting: Spellforged Servitor
Confirm with . or Enter, or press ? or * to list all spells.
Which direction?
You begin to meditate on the wall.
You continue meditating on the rock. x2
You finish merging with the rock.
There is a staircase leading out of the dungeon here.
You have escaped!

.......(# ###.###########.....
.....#.#######.....## #.....
#.....>.....#.#8≈8#.# #....(
..#.#######.#.#≈≈≈#.##### #.....
#.#.#######.#.#8≈8#.#...## #.....
#.#.#.......#.#≈≈≈#.#.#..########
..#.#.......#.#8≈8#.#.##..##
###.#.......##.....##.###..#####
....#.......###.@.###..........#
#####.......#########..........#
# #######..............).....# #
###########..........## #
###.......... ###..........
#............ #............
#....####.###


There were no monsters in sight!

Vanquished Creatures
  the Royal Jelly (Slime:5)
  A pandemonium lord (Zig:9)
  Tiamat (Zot:2)
  Khufu (Crypt:2)
  An ancient lich (Depths:3)
  8 orbs of fire (Zot:5)
  Mara (Depths:4)
  Mennas (Vaults:5)
  3 juggernauts
  The ghost of hilaritas the Conqueror, a legendary FoFi of Okawaru (Zot:5)
  A greater mummy (Crypt:2)
  Sojobo (Vaults:4)
  Vashnia (Snake:3)
  Saint Roka (Crypt:2)
  Bai Suzhen (Snake:4)
  Xtahua (Depths:4)
  2 Killer Klowns (Zot:5)
  Frederick (Vaults:4)
  Geryon (Hell)
  6 caustic shrikes
  Jory (Crypt:3)
  5 bone dragons
  9 golden dragons
  3 electric golems
  The ghost of cotteux the Slayer, an adept GrBe of Trog (Vaults:5)
  2 Tzitzimimeh
  62 Brimstone Fiends
  5 Hell Sentinels
  20 tentacled monstrosities
  Rupert (D:13)
  25 Orb Guardians
  6 iron giants
  13 liches
  9 Ice Fiends
  15 quicksilver dragons
  7 titans
  A deep elf master archer (Elf:3)
  2 deep elf blademasters
  11 sphinxes
  8 acid blobs
  8 death cobs
  2 eldritch tentacles
  Frances (D:13)
  8 ancient champions
  5 Executioners
  Kirke (D:15)
  11 shadow dragons
  A revenant (Crypt:2)
  Donald (Shoals:1)
  Roxanne (Snake:1)
  13 storm dragons
  11 nagarajas (Snake:4)
  7 tengu reavers
  7 draconian knights
  5 draconian monks
  12 azure jellies
  An azure jelly (shapeshifter) (D:13)
  5 deep elf sorcerers
  4 orc warlords
  9 fire giants
  A daeva (Zot:2)
  9 iron dragons
  6 cacodemons
  3 draconian scorchers (Zot:5)
  9 frost giants
  10 balrugs
  Aizul (Snake:4)
  19 vault wardens
  9 ghouls (Crypt:1)
  4 draconian shifters
  A juggernaut zombie (Zig:4)
  7 deep elf elementalists
  5 draconian annihilators
  2 curse skulls (Crypt:1)
  5 draconian stormcallers
  19 ironheart preservers
  64 reapers
  4 war gargoyles
  6 spriggan defenders
  7 green draconians
  29 stone giants
  29 very ugly things
  The ghost of cotteux the Severer, a journeyman MiBe of Trog (Snake:1)
  5 entropy weavers
  12 deep elf demonologists
  10 purple draconians
  15 yellow draconians
  4 black draconians
  20 vampire knights
  11 deep elf annihilators
  7 red draconians
  11 white draconians
  7 lorocyprocas
  A dire elephant (shapeshifter) (Vaults:5)
  22 spark wasps
  A spark wasp (shapeshifter) (Vaults:1)
  11 blizzard demons
  6 eidola
  4 merfolk javelineers
  7 death oozes (Slime:5)
  4 green deaths
  9 merfolk impalers
  17 fire dragons
  2 quicksilver dragon zombies
  A minotaur (shapeshifter) (Vaults:3)
  17 deep elf death magi
  14 ettins
  The ghost of cotteux the Severer, a journeyman MiBe of Trog (D:11)
  11 jiangshi
  8 deep elf high priests
  A kraken zombie (Hell)
  11 ice dragons
  22 yaktaur captains
  20 naga warriors
  4 quicksilver dragon skeletons
  6 rakshasas
  A servant of whispers (Elf:1)
  20 great orbs of eyes
  A monstrous demonspawn (Zot:2)
  32 vault guards
  11 hydras
  4 hell beasts
  A catoblepas (D:15)
  4 merfolk avatars
  14 centaur warriors
  2 spriggan air magi
  7 merfolk aquamancers
  4 death knights
  23 ogre magi
  Erica (Lair:2)
  13 anacondas
  6 tengu warriors
  38 dancing weapons
  A satyr (shapeshifter) (Vaults:5)
  An alligator snapping turtle (Shoals:3)
  89 two-headed ogres
  4 satyrs
  An alligator (Lair:6)
  72 hell hogs
  12 deep troll shamans
  11 death yaks
  A thrashing horror (Zig:8)
  16 vampire magi
  12 titan zombies
  19 deep troll earth magi
  14 iron golems
  8 shock serpents
  5 spriggan berserkers
  20 sun demons
  9 soul eaters
  17 naga sharpshooters
  9 titan skeletons
  3 orc high priests
  Urug (Orc:2)
  6 storm dragon zombies
  118 skeletal warriors
  12 deep elf knights
  A wretched star (Zig:8)
  3 fire crabs (Lair:6)
  11 iron trolls
  7 shadow wraiths
  6 golden dragon zombies
  7 storm dragon skeletons
  4 sixfirhies
  114 hell knights
  4 salamander mystics
  8 anaconda zombies
  A death drake (shapeshifter) (Depths:1)
  35 deep trolls
  2 death drakes (Zig:7)
  16 sea snakes
  3 ghost moth zombies
  8 unseen horrors
  A gelid demonspawn (Zot:2)
  14 naga ritualists
  6 shadow demons
  13 shadow dragon zombies
  A tengu zombie (Vaults:4)
  6 glowing orange brains
  19 flayed ghosts
  10 wizards
  A glowing orange brain (shapeshifter) (Vaults:5)
  26 orc knights
  5 large abominations
  A lindwurm (shapeshifter) (Depths:4)
  3 lindwurms (Lair:6)
  28 deep elf archers
  6 golden dragon skeletons
  26 ironbrand convokers
  A shambling mangrove (Zig:5)
  37 phantasmal warriors
  40 harpies
  A sphinx zombie (Vaults:4)
  76 deep elf magi
  34 necromancers
  8 wolf spider zombies
  9 oklob plants (Zot:3)
  8 wolf spiders
  A shining eye (Slime:5)
  7 anaconda skeletons
  16 stone giant zombies
  2 tengu skeletons
  11 mana vipers
  15 orc sorcerers
  A wolf spider (shapeshifter) (D:14)
  A cyclops (shapeshifter) (Depths:2)
  22 salamanders
  7 shadow dragon skeletons
  14 frost giant zombies
  10 cyclopes
  9 iron dragon zombies
  12 manticores
  2 fauns (shapeshifter)
  A salamander (shapeshifter) (Elf:3)
  21 fauns
  14 fire giant zombies
  10 stone giant skeletons
  Maurice (D:7)
  80 ugly things
  20 moths of wrath
  14 merfolk sirens
  7 centaur zombies
  2 elephants (shapeshifter)
  9 fire giant skeletons
  5 shock serpent zombies
  A guardian serpent (shapeshifter) (Vaults:3)
  3 iron dragon skeletons
  21 vault sentinels
  A black mamba (shapeshifter) (Depths:2)
  12 water nymphs
  4 guardian serpents
  27 naga magi
  49 rust devils
  22 elephants
  An orange demon (Depths:3)
  12 smoke demons
  11 frost giant skeletons
  3 molten gargoyles
  4 torpor snails
  29 black mambas
  2 ice statues (Hell)
  3 eyes of devastation
  3 dire elephant skeletons
  8 dire elephant zombies
  A shock serpent skeleton (Geh:3)
  3 gargoyles
  13 spiny frogs
  2 yaktaurs (shapeshifter) (Depths:2)
  67 hellions
  A purple draconian zombie (Dis:3)
  A rime drake (shapeshifter) (Vaults:1)
  2 emperor scorpion zombies
  5 kobold demonologists
  6 rime drakes
  13 efreet
  12 freezing wraiths
  53 tormentors
  2 catoblepas zombies
  78 yaktaurs
  9 komodo dragons
  8 hellwings
  5 guardian mummies (Crypt:3)
  40 red devils
  19 ice devils
  7 tengu conjurers
  5 harpy zombies
  A black draconian skeleton (Crypt:2)
  11 hydra zombies
  A queen bee (shapeshifter) (Depths:1)
  23 polar bears
  A death drake zombie (Crypt:1)
  2 catoblepas skeletons
  3 merfolk (shapeshifter)
  22 trolls
  A troll (shapeshifter) (D:14)
  31 merfolk
  A tyrant leech (Zig:5)
  A polar bear (shapeshifter) (Vaults:3)
  A green draconian skeleton (Geh:3)
  A meliai (shapeshifter) (Vaults:1)
  7 ice dragon zombies
  3 harpy skeletons
  3 wind drakes
  3 saltlings
  8 hydra skeletons
  3 wind drakes (shapeshifter)
  17 hornets
  18 hippogriffs
  8 fire dragon zombies
  Prince Ribbit (D:8)
  3 alligator zombies
  18 blink frogs
  A blink frog (shapeshifter) (Vaults:2)
  2 bog bodies (Crypt:1)
  4 raiju
  74 slime creatures
  A hippogriff (shapeshifter) (Depths:5)
  9 dream sheep
  A frost giant simulacrum (Vaults:5)
  2 alligator skeletons
  16 ettin zombies
  147 flying skulls
  10 snapping turtles
  A black mamba zombie (Geh:6)
  A stone giant simulacrum (Vaults:2)
  A fire giant simulacrum (Vaults:5)
  7 air elementals
  6 ice dragon skeletons
  A redback (shapeshifter) (D:14)
  A starcursed mass (Zig:8)
  4 fire dragon skeletons
  A vampire (D:13)
  A tarantella (Vaults:5)
  4 wyverns
  10 redbacks
  34 shadows
  70 yaks
  11 spriggans
  A spriggan (shapeshifter) (Vaults:2)
  14 water elementals
  9 ettin skeletons
  4 elf zombies
  39 fire elementals
  44 wraiths
  A ynoxinul (D:7)
  A human (Geh:5)
  4 golden eyes (Slime:5)
  6 hogs (D:15)
  Eustachio (D:4)
  3 basilisks
  A black mamba skeleton (Geh:4)
  A hungry ghost (D:10)
  A hog (shapeshifter) (Depths:5)
  A steam dragon (D:12)
  10 vampire mosquitoes
  4 chaos spawn
  A neqoxec (Depths:3)
  A yaktaur simulacrum (Vaults:5)
  A torturous demonspawn zombie (Dis:3)
  5 spatial vortices
  15 wargs
  A soldier ant (shapeshifter) (Vaults:3)
  An infernal demonspawn zombie (Geh:2)
  3 merfolk zombies
  A two-headed ogre zombie (Crypt:2)
  62 nagas
  A soldier ant (D:15)
  11 water moccasins
  An acid dragon (shapeshifter) (Vaults:4)
  4 spiny frog zombies
  A floating eye (Depths:3)
  2 gelid demonspawn skeletons
  162 hell hounds
  A hornet zombie (D:8)
  11 porcupines
  A porcupine (shapeshifter) (D:15)
  9 human skeletons
  A swamp drake (Zig:5)
  2 spiny frog skeletons
  33 necrophages
  83 orc warriors
  10 phantoms
  12 black bears
  A manticore zombie (Geh:4)
  8 sky beasts
  4 snapping turtle zombies
  7 boggarts
  2 ice beasts
  64 ogres
  5 swamp dragon zombies
  8 human zombies
  An alligator simulacrum (Hell)
  7 eyes of draining
  3 swamp dragon skeletons
  56 centaurs
  A hog zombie (Crypt:1)
  A torpor snail zombie (Crypt:2)
  A manticore skeleton (Geh:3)
  5 snapping turtle skeletons
  40 wolves
  22 crocodiles
  3 big kobolds
  2 small abominations (Depths:4)
  31 bullfrogs
  A gnoll sergeant (D:6)
  An earth elemental (Elf:2)
  A hippogriff skeleton (Crypt:2)
  An elf skeleton (Geh:5)
  A wyvern zombie (D:13)
  A spiny frog simulacrum (Hell)
  A wyvern skeleton (D:14)
  2 water moccasin skeletons
  8 scorpions
  A polar bear zombie (Crypt:3)
  23 killer bees
  An orc simulacrum (Vaults:1)
  150 wights
  2 electric eels (Lair:4)
  8 howler monkeys
  2 quasits
  2 bullfrog zombies
  34 crimson imps
  8 hounds
  A basilisk zombie (Crypt:1)
  A human simulacrum (Vaults:3)
  6 centaur skeletons
  17 jellies
  42 orc priests
  2 bullfrog skeletons
  2 gnoll shamans
  71 iron imps
  A basilisk skeleton (Crypt:2)
  7 iguanas
  64 orc wizards
  18 worker ants
  A killer bee zombie (D:7)
  A lightning spire (Zig:10)
  An ogre zombie (Geh:5)
  A naga skeleton (Geh:1)
  An ogre skeleton (Geh:2)
  A hound skeleton (D:7)
  6 mummies
  A worker ant zombie (D:11)
  24 gnolls
  A gnoll (shapeshifter) (Vaults:3)
  24 adders
  10 shadow imps
  18 white imps
  14 oozes (Lair:5)
  A lava snake zombie (Crypt:3)
  3 adder skeletons
  An iguana skeleton (Crypt:3)
  A worm (D:2)
  A dart slug (D:3)
  10 leopard geckos
  185 orcs
  A ball python (D:1)
  A bat skeleton (Crypt:1)
  6 giant cockroaches
  5 goblins
  8 hobgoblins
  16 jackals
  10 quokkas
  6 bats
  7 frilled lizards
  A frilled lizard (shapeshifter) (Vaults:4)
  A hobgoblin zombie (Crypt:2)
  22 kobolds
  A kobold skeleton (Geh:1)
  A leopard gecko skeleton (D:4)
  A leopard gecko zombie (D:8)
  An orc skeleton (Geh:1)
  9 rats
  A rat skeleton (Crypt:3)
  A spectral orc (D:6)
  3 bushes (Zot:3)
  2 fire vortices (Geh:4)
  A fungus (Zot:3)
  6 plants
  2 tentacles (Hell)
5405 creatures vanquished.

Vanquished Creatures (collateral kills)
  2 orbs of fire
  4 ancient liches
  2 juggernauts (Zig:11)
  2 greater mummies (Crypt:2)
  A Killer Klown (Zot:5)
  A curse toe (Zot:5)
  3 caustic shrikes
  A pandemonium lord (Zot:2)
  3 golden dragons
  Nikola (Shoals:4)
  2 liches
  2 iron giants
  2 electric golems
  A Brimstone Fiend (Geh:4)
  6 tentacled monstrosities
  5 Orb Guardians
  A quicksilver dragon (Zot:3)
  A death cob (Zot:5)
  13 acid blobs
  4 eldritch tentacles
  9 ancient champions
  8 shadow dragons
  3 azure jellies
  4 storm dragons
  8 tengu reavers
  An azure jelly (shapeshifter) (Vaults:4)
  3 draconian monks
  2 fire giants
  A frost giant (Depths:3)
  A deep elf sorcerer (Vaults:2)
  5 draconian knights
  2 iron dragons
  An orc warlord (Zig:11)
  5 draconian scorchers
  6 balrugs
  2 cacodemons
  3 deep elf elementalists
  5 draconian shifters
  5 stone giants
  2 draconian annihilators
  3 reapers
  10 very ugly things
  3 draconian stormcallers
  An ironheart preserver (Vaults:4)
  A war gargoyle (Zig:13)
  A lorocyproca (Geh:4)
  6 green draconians
  A blood saint (Zot:2)
  8 black draconians
  2 vampire knights (Crypt:3)
  6 white draconians
  5 spark wasps
  6 red draconians
  A black sun (Zig:12)
  7 yellow draconians
  A dire elephant (Zig:6)
  2 ettins
  6 purple draconians
  A blizzard demon (Geh:4)
  3 jiangshi
  2 eidola (Crypt:1)
  A mummy priest (Crypt:3)
  4 death oozes (Slime:5)
  3 deep elf high priests
  A merfolk impaler (Shoals:4)
  2 fire dragons
  2 great orbs of eyes
  5 yaktaur captains
  4 ice dragons
  A hell beast (Zig:12)
  3 rakshasas
  2 spriggan air magi
  An alligator snapping turtle (Shoals:4)
  9 two-headed ogres
  2 merfolk aquamancers
  4 tengu warriors
  An alligator (Zig:5)
  4 hell hogs
  2 deep troll earth magi
  A deep troll shaman (D:15)
  3 ogre magi
  3 vampire magi
  6 spriggans
  A spriggan berserker (Depths:4)
  2 sun demons
  A soul eater (Hell)
  5 iron golems
  An iron troll (D:15)
  A sixfirhy (Zig:9)
  44 hell knights
  17 skeletal warriors
  An unseen horror (Depths:4)
  2 shadow wraiths
  A flayed ghost (Depths:1)
  A swamp dragon (Zig:5)
  A titan skeleton (Geh:2)
  2 sea snakes
  2 golden dragon zombies
  6 deep trolls
  3 glowing orange brains
  A spriggan druid (Zig:5)
  3 deep elf archers
  A gelid demonspawn (D:7)
  A glowing orange brain (shapeshifter) (Slime:5)
  A deep troll (shapeshifter) (Vaults:4)
  An ironbrand convoker (Vaults:5)
  A shadow dragon zombie (Crypt:3)
  3 phantasmal warriors
  2 tengu zombies
  2 iron dragon zombies
  2 orc knights
  A wolf spider (Vaults:4)
  5 harpies
  13 necromancers
  3 deep elf magi
  13 ugly things
  A cyclops (Zig:11)
  7 oklob plants
  2 orc sorcerers (Zig:11)
  2 manticores (Shoals:4)
  A faun (shapeshifter) (Vaults:4)
  A shining eye (Slime:4)
  A stone giant zombie (Dis:4)
  2 black mambas (Lair:6)
  7 moths of wrath
  An iron dragon skeleton (Geh:5)
  Joseph (D:8)
  2 water nymphs (Shoals:4)
  4 orange demons
  2 spiny frogs (Zig:6)
  3 vault sentinels (Vaults:4)
  A storm dragon simulacrum (Vaults:3)
  3 rust devils
  A fire giant skeleton (Zig:4)
  A torpor snail (Zig:6)
  2 rime drakes (Zig:7)
  6 yaktaurs
  2 hellions
  A komodo dragon (Zig:6)
  3 ice devils
  3 freezing wraiths
  A kobold demonologist (Depths:3)
  A komodo dragon (shapeshifter) (Depths:1)
  A white draconian skeleton (Crypt:1)
  11 red devils
  3 tormentors
  2 hydra zombies
  3 guardian mummies (Crypt:3)
  5 merfolk
  2 tengu conjurers
  A raiju (Zig:8)
  A harpy skeleton (Geh:6)
  A bog body (Crypt:1)
  6 hornets
  An ettin zombie (Geh:1)
  3 wind drakes
  4 large abominations
  A blink frog (Zig:6)
  43 slime creatures
  A snapping turtle (Shoals:4)
  A redback (Geh:1)
  An air elemental (Depths:4)
  3 shadows
  2 starcursed masses (Zig:8)
  6 flying skulls
  A tarantella (Vaults:5)
  A ynoxinul (Zig:8)
  A tarantella (shapeshifter) (Vaults:5)
  6 wraiths
  8 water elementals
  2 small abominations
  6 fire elementals
  A black mamba skeleton (Geh:6)
  2 neqoxecs (Zig:8)
  A chaos spawn (Zig:8)
  7 golden eyes (Slime:5)
  3 vampire mosquitoes (Zig:5)
  2 spiny frog zombies
  A warg (shapeshifter) (Depths:4)
  2 acid dragons (Zig:7)
  4 water moccasins
  16 hell hounds
  4 orc warriors
  4 eyes of draining
  A manticore zombie (Geh:6)
  2 necrophages
  A phantom (Geh:5)
  2 snapping turtle zombies
  7 ogres
  A manticore skeleton (Crypt:2)
  A wolf (Zig:6)
  A crocodile (Lair:6)
  2 swamp dragon skeletons
  17 wights
  A yak skeleton (Crypt:1)
  A troll skeleton (Geh:4)
  A centaur zombie (Hell)
  5 crimson imps
  An orc priest (D:12)
  8 iron imps
  A deep dwarf zombie (Crypt:2)
  An ogre skeleton (Crypt:1)
  A mummy (Crypt:3)
  A gnoll (Zig:11)
  3 white imps
  3 orcs
  A bush (Zot:3)
  3 fungi (Zot:3)
  10 plants
729 creatures vanquished.

Vanquished Creatures (others)
  184 eldritch tentacles
  A storm dragon (Vaults:5)
  A shadow dragon (shapeshifter) (Depths:2)
  A fire giant (Depths:1)
  A yellow draconian (Zot:3)
  An ettin (Slime:5)
  A death ooze (Slime:5)
  A blizzard demon (Geh:4)
  A deep troll earth mage (Depths:3)
  3 hell hogs
  A deep troll shaman (Depths:5)
  A harpy (Vaults:4)
  2 shining eyes (Slime:3)
  A moth of wrath (Zot:5)
  A fire giant skeleton (Geh:5)
  A red devil (Hell)
  2 polar bears (IceCv)
  2 flying skulls (Geh:6)
  2 shadows
  An air elemental (Elf:3)
  2 wraiths
  An alligator skeleton (Geh:2)
  A fire elemental (Geh:2)
  3 humans (Depths:3)
  A naga (Snake:4)
  2 hell hounds
  A necrophage (Geh:2)
  2 ogres
  3 wolves (IceCv)
  8 wights
  A crimson imp (Geh:4)
  3 iron imps
  A centaur skeleton (Geh:4)
  A human skeleton (Geh:6)
  A tengu skeleton (Geh:5)
  A mummy (Dis:1)
  An ufetubus (Zot:5)
  4 bushes (D:9)
  32 fungi
  68 plants
  A snaplasher vine (Vaults:2)
  5 tentacles (Hell)
352 creatures vanquished.

Grand Total: 6486 creatures vanquished

Notes
Turn   | Place    | Note
-------+----------+-------------------------------------------
     0 | D:1      | Krampus the Felid Venom Mage began the quest for the Orb.
     0 | D:1      | Reached XP level 1. HP: 7/7 MP: 4/4
   561 | D:1      | Reached XP level 2. HP: 11/11 MP: 4/6
   565 | D:1      | Learned a level 2 spell: Poisonous Vapours
  1531 | D:2      | Reached skill level 1 in Conjurations
  1531 | D:2      | Reached XP level 3. HP: 14/14 MP: 3/7
  1693 | D:2      | Found a radiant altar of Vehumet.
  1748 | D:2      | Reached skill level 1 in Air Magic
  2934 | D:2      | Reached XP level 4. HP: 18/18 MP: 3/8
  3258 | D:3      | Learned a level 3 spell: Mephitic Cloud
  4978 | D:4      | Reached XP level 5. HP: 11/21 MP: 0/10
  5215 | D:3      | Learned a level 4 spell: Olgreb's Toxic Radiance
  5295 | D:4      | Reached skill level 1 in Unarmed Combat
  5613 | D:4      | Noticed an ogre
  5641 | D:4      | Killed an ogre
  5641 | D:4      | Gained mutation: You are covered in thick fur. (AC +2) [Felid growth]
  5641 | D:4      | Reached XP level 6. HP: 24/24 MP: 2/12
  6089 | D:4      | Noticed Eustachio
  6171 | D:4      | Killed Eustachio
  6171 | D:4      | Reached skill level 5 in Poison Magic
  6171 | D:4      | Reached XP level 7. HP: 27/27 MP: 1/14
  6745 | D:4      | Reached skill level 5 in Spellcasting
  8083 | D:4      | Gained mutation: You are resistant to hostile enchantments. (MR+) [potion of mutation]
  8083 | D:4      | Gained mutation: You passively map a small area around you. [potion of mutation]
  8083 | D:4      | Gained mutation: You have a somewhat thin skeletal structure. (Dex +2, Stealth) [potion of mutation]
  8095 | D:5      | Entered Level 5 of the Dungeon
  8248 | D:5      | Reached skill level 1 in Fighting
  8334 | D:5      | Found Buatwo's Armour Boutique.
  8855 | D:5      | Found a deep blue altar of Sif Muna.
  8902 | D:5      | Became a worshipper of Sif Muna the Loreminder
  9493 | D:5      | Reached XP level 8. HP: 32/32 MP: 5/17
 10107 | D:6      | Found a bloodstained altar of Trog.
 10667 | D:6      | Noticed a troll
 10687 | D:6      | Killed a troll
 10849 | D:6      | Reached * piety under Sif Muna
 11188 | D:6      | Found a staircase to the Ecumenical Temple.
 11664 | D:6      | Noticed a two-headed ogre
 11712 | D:6      | Killed a two-headed ogre
 11712 | D:6      | Reached XP level 9. HP: 39/39 MP: 0/20
 12465 | D:6      | Noticed a purple ugly thing
 12544 | D:6      | Killed a purple ugly thing
 12544 | D:6      | Reached ** piety under Sif Muna
 13050 | D:6      | Found a basalt altar of Yredelemnul.
 13515 | D:7      | Reached skill level 5 in Unarmed Combat
 13519 | D:7      | Gained mutation: Your body sometimes deteriorates upon taking damage. [mutagenic meat]
 13520 | D:7      | Gained mutation: Your thick and shaggy fur keeps you warm. (AC +3, rC+) [mutagenic meat]
 13521 | D:7      | Gained mutation: You do not regenerate when monsters are visible. [mutagenic meat]
 13522 | D:7      | Lost mutation: You have a somewhat thin skeletal structure. (Dex +2, Stealth) [mutagenic meat]
 13524 | D:7      | Gained mutation: You have a pair of small horns on your head. [mutagenic meat]
 14736 | D:7      | Found a hide-covered altar of Uskayaw.
 14736 | D:7      | Noticed a hand axe
 14736 | D:7      | Noticed a dagger
 15190 | D:8      | Noticed Maurice
 15191 | D:7      | Reached XP level 10. HP: 43/43 MP: 5/23
 15193 | D:7      | Reached skill level 5 in Fighting
 15515 | D:7      | Killed Maurice
 15721 | D:8      | Noticed a gargoyle
 16221 | D:8      | Noticed Joseph
 16746 | D:8      | Noticed Prince Ribbit
 16777 | D:8      | Killed Prince Ribbit
 17533 | D:8      | Lost mutation: You passively map a small area around you. [potion of mutation]
 17533 | D:8      | Lost mutation: You are resistant to hostile enchantments. (MR+) [potion of mutation]
 17533 | D:8      | Lost mutation: You do not regenerate when monsters are visible. [potion of mutation]
 17533 | D:8      | Gained mutation: You are robust. (+10% HP) [potion of mutation]
 17533 | D:8      | Gained mutation: You are partially covered in large bone plates. (SH +4) [potion of mutation]
 17534 | D:8      | Lost mutation: You have a pair of small horns on your head. [potion of mutation]
 17534 | D:8      | Lost mutation: Your body sometimes deteriorates upon taking damage. [potion of mutation]
 17534 | D:8      | Lost mutation: You are partially covered in large bone plates. (SH +4) [potion of mutation]
 17534 | D:8      | Lost mutation: You are robust. (+10% HP) [potion of mutation]
 17534 | D:8      | Gained mutation: You are clumsy. (Dex -2) [potion of mutation]
 17534 | D:8      | Gained mutation: You are partially covered in rugged brown scales. (AC +1, +3% HP) [potion of mutation]
 17535 | D:8      | Lost mutation: Your thick and shaggy fur keeps you warm. (AC +3, rC+) [potion of mutation]
 17535 | D:8      | Lost mutation: You are clumsy. (Dex -2) [potion of mutation]
 17535 | D:8      | Lost mutation: You are partially covered in rugged brown scales. (AC +1, +3% HP) [potion of mutation]
 17535 | D:8      | Gained mutation: You are weak. (Str -2) [potion of mutation]
 17535 | D:8      | Gained mutation: Your flesh is cold resistant. (rC+) [potion of mutation]
 17535 | D:8      | Gained mutation: You are somewhat resistant to further mutation. [potion of mutation]
 17536 | D:8      | Lost mutation: Your flesh is cold resistant. (rC+) [potion of mutation]
 17536 | D:8      | Lost mutation: You are somewhat resistant to further mutation. [potion of mutation]
 17536 | D:8      | Lost mutation: You are weak. (Str -2) [potion of mutation]
 17536 | D:8      | Gained mutation: Your body sometimes deteriorates upon taking damage. [potion of mutation]
 17536 | D:8      | Gained mutation: You possess an exceptional clarity of mind. [potion of mutation]
 17623 | D:8      | Found Ucuat's Gadget Emporium.
 17658 | D:8      | Learned a level 5 spell: Venom Bolt
 18688 | D:9      | Reached skill level 5 in Dodging
 18689 | D:9      | Found a staircase to the Lair.
 18750 | D:9      | Noticed a six-headed hydra
 18752 | D:9      | Noticed an entropy weaver
 18752 | D:9      | a six-headed hydra changed into an entropy weaver
 18788 | D:9      | Killed an entropy weaver
 18788 | D:9      | Reached *** piety under Sif Muna
 18788 | D:9      | Reached XP level 11. HP: 49/49 MP: 0/24
 19023 | D:9      | Found a staircase to the Orcish Mines.
 19605 | D:10     | Entered Level 10 of the Dungeon
 19867 | D:10     | Noticed an unseen horror
 19880 | D:10     | Killed an unseen horror
 21728 | D:10     | Found Naurekypp's Assorted Antiques.
 21769 | D:10     | Reached **** piety under Sif Muna
 22038 | D:10     | Noticed a two-headed ogre
 22768 | D:10     | Reached skill level 10 in Spellcasting
 23135 | D:10     | Bought a scroll labeled SELIAG HIT REA for 28 gold pieces
 23167 | D:10     | Killed a two-headed ogre
 23268 | D:11     | Noticed an unseen horror
 23291 | D:11     | HP: 1/51 [unseen horror (9)]
 23291 | D:11     | Mangled by an unseen horror
 23292 | D:11     | Reached XP level 10. HP: -6/48 MP: 22/25
 23316 | D:11     | Noticed cotteux's ghost (journeyman MiBe)
 23360 | D:11     | Reached skill level 5 in Conjurations
 23468 | D:11     | You fall through a shaft for 3 floors!
 23470 | D:14     | Noticed a glowing orange brain
 23470 | D:14     | Noticed a wolf spider
 23470 | D:14     | a glowing orange brain changed into a wolf spider
 23484 | D:14     | Noticed a cyclops
 23484 | D:14     | Killed a wolf spider
 23484 | D:14     | Reached XP level 11. HP: 50/51 MP: 11/26
 23518 | D:14     | Found a stormy altar of Qazlal.
 23532 | D:14     | Reached ***** piety under Sif Muna
 23547 | D:14     | Noticed an unseen horror
 23833 | D:14     | Identified Sif Muna's Reference Book on Attacks and the Arsonist (Sif Muna gifted it to you on level 14 of the Dungeon)
 23833 | D:14     | Received a gift from Sif Muna
 23849 | D:14     | Learned a level 3 spell: Stone Arrow
 24133 | D:13     | Noticed a white ugly thing
 24431 | D:13     | Noticed Frances
 24453 | D:13     | Noticed a brown ugly thing
 24501 | D:13     | Killed a brown ugly thing
 24501 | D:13     | Reached skill level 5 in Stealth
 24879 | D:13     | HP: 2/51 [cyclops/large rock (28)]
 25733 | D:13     | Noticed Rupert
 25766 | D:13     | Noticed a quicksilver dragon
 26525 | D:12     | Noticed a two-headed ogre
 26542 | D:12     | Killed a two-headed ogre
 26729 | D:12     | Reached skill level 10 in Stealth
 26741 | D:12     | Noticed an unseen horror
 26747 | D:12     | Killed an unseen horror
 26969 | D:11     | Killed an unseen horror
 27003 | D:11     | Lost mutation: You possess an exceptional clarity of mind. [potion of mutation]
 27003 | D:11     | Lost mutation: Your body sometimes deteriorates upon taking damage. [potion of mutation]
 27003 | D:11     | Gained mutation: You are robust. (+10% HP) [potion of mutation]
 27003 | D:11     | Gained mutation: Your system is resistant to poisons. (rPois) [potion of mutation]
 27163 | D:11     | Noticed a centaur warrior
 27652 | D:10     | Gained mutation: Your body sometimes deteriorates upon taking damage. [mutagenic meat]
 27653 | D:10     | Gained mutation: Your magical capacity is low. (-10% MP) [mutagenic meat]
 27752 | D:10     | Noticed a green ugly thing
 28243 | D:11     | Gained mutation: Your thick and shaggy fur keeps you warm. (AC +3, rC+) [Felid growth]
 28243 | D:11     | Reached XP level 12. HP: 60/60 MP: 13/24
 28418 | D:11     | Killed a centaur warrior
 28418 | D:11     | Reached skill level 1 in Earth Magic
 31062 | Lair:1   | Entered Level 1 of the Lair of Beasts
 33134 | Lair:2   | Found a staircase to the Snake Pit.
 33181 | Lair:2   | Noticed Erica
 33207 | Lair:2   | Killed Erica
 34043 | Lair:3   | Noticed a five-headed hydra
 34050 | Lair:3   | Killed a five-headed hydra
 34050 | Lair:3   | Identified Sif Muna's Almanac of Twisted Attacks (Sif Muna gifted it to you on level 3 of the Lair of Beasts)
 34050 | Lair:3   | Received a gift from Sif Muna
 34058 | Lair:3   | Found a frozen archway.
 34485 | IceCv    | Entered an ice cave
 34798 | IceCv    | Reached XP level 13. HP: 66/66 MP: 11/25
 34954 | IceCv    | Learned a level 2 spell: Blink
 35194 | IceCv    | Reached skill level 5 in Earth Magic
 35456 | IceCv    | Reached skill level 1 in Translocations
 36159 | IceCv    | Noticed a frost giant
 36170 | IceCv    | Killed a frost giant
 36396 | IceCv    | Identified Letacin's Compendium of Snow
 37443 | Lair:4   | Lost mutation: Your system is resistant to poisons. (rPois) [potion of mutation]
 37443 | Lair:4   | Lost mutation: Your body sometimes deteriorates upon taking damage. [potion of mutation]
 37443 | Lair:4   | Gained mutation: You are agile. (Dex +2) [potion of mutation]
 37443 | Lair:4   | Gained mutation: You are very agile. (Dex +4) [potion of mutation]
 37721 | Lair:4   | Reached skill level 10 in Unarmed Combat
 39044 | Lair:4   | Found a staircase to the Shoals.
 39374 | Lair:4   | Reached skill level 5 in Translocations
 40121 | Lair:5   | Identified Sif Muna's Compendium of Cankerous Conjuration (Sif Muna gifted it to you on level 5 of the Lair of Beasts)
 40121 | Lair:5   | Received a gift from Sif Muna
 40446 | Lair:5   | Reached XP level 14. HP: 71/71 MP: 9/26
 40829 | Lair:5   | Learned a level 5 spell: Bolt of Magma
 40901 | Lair:5   | Reached skill level 10 in Fighting
 41409 | Lair:5   | Reached skill level 1 in Fire Magic
 41730 | Lair:5   | Found a staircase to the Slime Pits.
 41984 | Lair:6   | Entered Level 6 of the Lair of Beasts
 46705 | Lair:6   | Identified Hatyu's Almanac of Calling (Sif Muna gifted it to you on level 6 of the Lair of Beasts)
 46705 | Lair:6   | Received a gift from Sif Muna
 48379 | Lair:6   | Reached XP level 15. HP: 28/77 MP: 20/28
 49269 | Lair:6   | Got a crude silver amulet
 49270 | Lair:6   | Identified the amulet "Socuah" {Inacc MP+9 Str+3} (You found it on level 6 of the Lair of Beasts)
 51845 | Lair:5   | Found a staircase to the Slime Pits.
 52366 | Orc:1    | Entered Level 1 of the Orcish Mines
 52597 | D:9      | Learned a level 5 spell: Iskenderun's Battlesphere
 52990 | Orc:1    | Reached skill level 1 in Charms
 53276 | Orc:1    | Identified Sif Muna's Papyrus of the Destructive Voyage (Sif Muna gifted it to you on level 1 of the Orcish Mines)
 53276 | Orc:1    | Received a gift from Sif Muna
 54253 | Orc:2    | Entered Level 2 of the Orcish Mines
 54268 | Orc:2    | Found a staircase to the Elven Halls.
 54677 | Orc:2    | Noticed Urug
 54710 | Orc:2    | Killed Urug
 54710 | Orc:2    | Reached skill level 5 in Charms
 55453 | Orc:2    | Noticed an orc warlord
 56014 | Orc:2    | Killed an orc warlord
 56210 | Orc:2    | Noticed an orc warlord
 57248 | Orc:2    | Identified Sif Muna's Catalogue of Dusty Contamination (Sif Muna gifted it to you on level 2 of the Orcish Mines)
 57248 | Orc:2    | Received a gift from Sif Muna
 58704 | Orc:2    | Found a roughly hewn altar of Beogh.
 58763 | Orc:2    | Found Buan's General Store.
 58859 | Orc:2    | Killed an orc warlord
 59026 | Orc:2    | Found Pephofoli's Book Emporium.
 59035 | Orc:2    | Found Huaxt's Antique Weapon Emporium.
 59047 | Orc:2    | Found Hanin's Antique Armour Emporium.
 59073 | Orc:2    | Bought a scroll of teleportation for 36 gold pieces
 59073 | Orc:2    | Bought a meat ration for 60 gold pieces
 59073 | Orc:2    | Bought a scroll of fog for 24 gold pieces
 59073 | Orc:2    | Bought a scroll of identify for 24 gold pieces
 59073 | Orc:2    | Bought a royal jelly for 24 gold pieces
 59073 | Orc:2    | Bought a royal jelly for 24 gold pieces
 59207 | Orc:2    | Bought a book of Flames for 490 gold pieces
 59207 | Orc:2    | Bought a book of Summonings for 980 gold pieces
 59213 | Orc:2    | Learned a level 5 spell: Fireball
 59219 | Orc:2    | Learned a level 5 spell: Summon Forest
 59581 | D:11     | Killed cotteux's ghost
 59734 | D:11     | Learned a level 3 spell: Conjure Flame
 60230 | D:14     | Lost mutation: Your magical capacity is low. (-10% MP) [potion of mutation]
 60230 | D:14     | Lost mutation: You are robust. (+10% HP) [potion of mutation]
 60230 | D:14     | Lost mutation: You are very agile. (Dex +4) [potion of mutation]
 60230 | D:14     | Lost mutation: You are agile. (Dex +2) [potion of mutation]
 60230 | D:14     | Gained mutation: You have an increased reservoir of magic. (+10% MP) [potion of mutation]
 60230 | D:14     | Gained mutation: You are robust. (+10% HP) [potion of mutation]
 60230 | D:14     | Gained mutation: You are partially covered in iridescent scales. (AC +2) [potion of mutation]
 60513 | D:14     | Found Memout's Gadget Boutique.
 61036 | D:14     | Found a gate to the Vaults.
 61562 | D:15     | Entered Level 15 of the Dungeon
 61619 | D:15     | Found Fijeehex's Armour Shop.
 61882 | D:15     | Reached skill level 5 in Fire Magic
 61911 | D:14     | Reached skill level 10 in Conjurations
 62604 | D:15     | Reached XP level 16. HP: 82/82 MP: 20/37
 63072 | D:15     | Reached skill level 1 in Summonings
 63110 | D:15     | Identified the Papyrus of Sinister Arts and the Birds
 63120 | D:15     | Learned a level 3 spell: Vampiric Draining
 63711 | D:15     | Found a staircase to the Depths.
 63907 | D:15     | Lost mutation: You are partially covered in iridescent scales. (AC +2) [mutagenic meat]
 63908 | D:15     | Gained mutation: Your spells are a little harder to cast, but a little more powerful. [mutagenic meat]
 64107 | D:15     | Noticed Kirke
 64127 | D:15     | Killed Kirke
 64127 | D:15     | Identified Sif Muna's Collected Works on Shifting Companions (Sif Muna gifted it to you on level 15 of the Dungeon)
 64127 | D:15     | Received a gift from Sif Muna
 65461 | Depths:1 | Entered Level 1 of the Depths
 65705 | D:14     | Gained mutation: You occasionally shout uncontrollably at your foes. [mutagenic meat]
 65706 | D:14     | Gained mutation: You have a pair of small antennae on your head. [mutagenic meat]
 65708 | D:14     | Gained mutation: You tend to lose your temper in combat. [mutagenic meat]
 66033 | D:13     | Noticed a caustic shrike
 66033 | D:13     | a stone giant changed into a caustic shrike
 66038 | D:13     | Slain by a caustic shrike (shapeshifter)
 66039 | D:13     | Reached XP level 15. HP: -5/79 MP: 0/36
 66556 | Snake:1  | Entered Level 1 of the Snake Pit
 66556 | Snake:1  | Noticed cotteux's ghost (journeyman MiBe)
 66714 | Shoals:1 | Entered Level 1 of the Shoals
 67811 | Shoals:1 | Noticed Donald
 68620 | D:10     | Bought a scroll of teleportation for 84 gold pieces
 68620 | D:10     | Bought a scroll of teleportation for 84 gold pieces
 68620 | D:10     | Bought a scroll of teleportation for 84 gold pieces
 69116 | Lair:2   | Lost mutation: You have a pair of small antennae on your head. [potion of mutation]
 69116 | Lair:2   | Lost mutation: You occasionally shout uncontrollably at your foes. [potion of mutation]
 69116 | Lair:2   | Lost mutation: You tend to lose your temper in combat. [potion of mutation]
 69255 | Elf:1    | Entered Level 1 of the Elven Halls
 69834 | Elf:1    | Reached XP level 16. HP: 82/83 MP: 27/37
 69982 | Elf:1    | Found an ancient bone altar of Kikubaaqudgha.
 69991 | Elf:1    | Learned a level 1 spell: Apportation
 71145 | Elf:1    | Identified Sif Muna's Compendium of the Ashen Escort (Sif Muna gifted it to you on level 1 of the Elven Halls)
 71145 | Elf:1    | Received a gift from Sif Muna
 73303 | Elf:2    | Learned a level 6 spell: Deflect Missiles
 73689 | Elf:2    | Found an ancient bone altar of Kikubaaqudgha.
 73907 | Elf:3    | Entered Level 3 of the Elven Halls
 75818 | Elf:3    | Reached skill level 10 in Dodging
 75819 | Elf:3    | Reached XP level 17. HP: 86/86 MP: 19/39
 75859 | Elf:3    | Noticed a deep elf blademaster
 75865 | Elf:3    | Killed a deep elf blademaster
 76420 | Elf:3    | Noticed a deep elf blademaster
 77178 | Elf:3    | Noticed a deep elf master archer
 77215 | Elf:3    | Identified Sif Muna's Papyrus of Stolen Souls (Sif Muna gifted it to you on level 3 of the Elven Halls)
 77215 | Elf:3    | Received a gift from Sif Muna
 77215 | Elf:3    | Reached skill level 15 in Spellcasting
 77300 | Elf:3    | Learned a level 3 spell: Regeneration
 77305 | Elf:3    | HP: 1/86 [deep elf blademaster/rapier (13)]
 77306 | Elf:3    | Slain by a deep elf blademaster
 77307 | Elf:3    | Reached XP level 16. HP: -1/83 MP: 18/48
 77382 | Elf:2    | Found a runed gate.
 77382 | Elf:2    | Found a runed gate.
 77382 | Elf:2    | Found a runed gate.
 78366 | Elf:2    | Reached skill level 1 in Necromancy
 81129 | Shoals:2 | Reached skill level 1 in Evocations
 81129 | Shoals:2 | Reached XP level 17. HP: 89/89 MP: 21/41
 82092 | Shoals:2 | Identified Sif Muna's Disquisition on Lucky Evil (Sif Muna gifted it to you on level 2 of the Shoals)
 82092 | Shoals:2 | Received a gift from Sif Muna
 83142 | Shoals:2 | Learned a level 5 spell: Irradiate
 83174 | Shoals:3 | Reached skill level 1 in Transmutations
 84229 | Shoals:3 | Reached skill level 5 in Transmutations
 85402 | Shoals:4 | Entered Level 4 of the Shoals
 85483 | Shoals:4 | Noticed Ilsuiw
 85978 | Shoals:4 | Identified Sif Muna's Papyrus of Weightlessness (Sif Muna gifted it to you on level 4 of the Shoals)
 85978 | Shoals:4 | Received a gift from Sif Muna
 85987 | Shoals:4 | Slain by a merfolk
 85988 | Shoals:4 | Reached XP level 16. HP: -3/84 MP: 2/49
 86400 | Shoals:1 | Killed Donald
 86773 | D:11     | Learned a level 6 spell: Statue Form
 86855 | D:10     | Gained mutation: You are somewhat resistant to further mutation. [mutagenic meat]
 86990 | Snake:1  | Killed cotteux's ghost
 87539 | Snake:1  | Noticed Roxanne
 87711 | Snake:1  | Reached XP level 17. HP: 89/89 MP: 40/41
 87727 | Snake:1  | Learned a level 1 spell: Magic Dart
 88061 | Snake:1  | Killed Roxanne
 88444 | Snake:1  | Reached skill level 10 in Transmutations
 89726 | Snake:3  | Noticed Vashnia
 89790 | Snake:3  | Killed Vashnia
 90494 | Snake:3  | Reached skill level 15 in Stealth
 91147 | Snake:4  | Entered Level 4 of the Snake Pit
 91147 | Snake:4  | Noticed Bai Suzhen
 91150 | Snake:4  | Killed Bai Suzhen
 91953 | Snake:4  | Noticed Aizul
 92434 | Snake:4  | Killed Aizul
 92434 | Snake:4  | Reached XP level 18. HP: 93/93 MP: 43/43
 95258 | Snake:4  | Received a gift from Sif Muna
 95958 | Snake:4  | Identified a scroll of acquirement
 96116 | Snake:4  | Got a serpentine rune of Zot
 96178 | Snake:4  | Got a bound golden amulet
 96179 | Snake:4  | Identified the amulet "Vynam" {rF++ Regen+} (You acquired it on level 4 of the Snake Pit)
 98773 | Elf:3    | Noticed a Hell Sentinel
 98782 | Elf:3    | Slain by a Hell Sentinel
 98783 | Elf:3    | Reached XP level 17. HP: -2/117 MP: 21/52
 98791 | Elf:3    | Killed a deep elf master archer
 98998 | D:11     | Learned a level 5 spell: Summon Forest
 99001 | D:11     | Learned a level 2 spell: Passwall
 99144 | Vaults:1 | Entered Level 1 of the Vaults
 99346 | Vaults:1 | Gained mutation: You are weak. (Str -2) [mutagenic meat]
 99347 | Vaults:1 | Gained mutation: Your spells are harder to cast, but more powerful. [mutagenic meat]
 99351 | Vaults:1 | Lost mutation: You are somewhat resistant to further mutation. [mutagenic meat]
 99352 | Vaults:1 | Gained mutation: You occasionally shout uncontrollably at your foes. [mutagenic meat]
 99353 | Vaults:1 | Gained mutation: Your skin changes colour to match your surroundings (Stealth+). [mutagenic meat]
 99355 | Vaults:1 | Gained mutation: You expend magic power (3 MP) to strengthen your wands. [mutagenic meat]
100098 | Vaults:1 | Reached XP level 18. HP: 95/95 MP: 33/44
100566 | Vaults:1 | Identified Naweoq's Catalogue of Conjuration and Execration (Sif Muna gifted it to you on level 1 of the Vaults)
100566 | Vaults:1 | Received a gift from Sif Muna
100604 | Vaults:1 | Gained mutation: You are partially covered in large bone plates. (SH +4) [mutagenic meat]
100605 | Vaults:1 | Gained mutation: Your body sometimes deteriorates upon taking damage. [mutagenic meat]
100607 | Vaults:1 | Lost mutation: Your body sometimes deteriorates upon taking damage. [mutagenic meat]
100608 | Vaults:1 | Lost mutation: You are robust. (+10% HP) [mutagenic meat]
100956 | Vaults:1 | Reached skill level 5 in Summonings
100985 | Vaults:1 | Gained mutation: Your system is resistant to poisons. (rPois) [mutagenic meat]
100986 | Vaults:1 | Gained mutation: You are frail. (-10% HP) [mutagenic meat]
100987 | Vaults:1 | Lost mutation: You expend magic power (3 MP) to strengthen your wands. [mutagenic meat]
102391 | Vaults:1 | Noticed an Ice Fiend
102566 | Vaults:1 | Learned a level 2 spell: Swiftness
102665 | D:14     | Found a stormy altar of Qazlal.
102743 | D:14     | Found Memout's Gadget Boutique.
102867 | D:14     | Found a gate to the Vaults.
104871 | Vaults:2 | Gained mutation: Your flesh is heat resistant. (rF+) [mutagenic meat]
104877 | Vaults:2 | Gained mutation: Your flesh is cold resistant. (rC+) [mutagenic meat]
104925 | Vaults:2 | Received a gift from Sif Muna
106050 | Vaults:2 | Reached XP level 19. HP: 78/81 MP: 20/46
106370 | Vaults:2 | Found a staircase to the Crypt.
106417 | Vaults:2 | Noticed a juggernaut
107186 | Vaults:2 | Found Ocousch's Antique Armour Shop.
107652 | Vaults:1 | Reached skill level 10 in Translocations
107719 | Vaults:1 | Identified Sif Muna's Almanac of Quantum Curses (Sif Muna gifted it to you on level 1 of the Vaults)
107719 | Vaults:1 | Received a gift from Sif Muna
108715 | Vaults:2 | Gained mutation: You are very frail. (-20% HP) [mutagenic meat]
108716 | Vaults:2 | Lost mutation: You are weak. (Str -2) [mutagenic meat]
108717 | Vaults:2 | Lost mutation: Your skin changes colour to match your surroundings (Stealth+). [mutagenic meat]
109234 | Vaults:2 | Found a staircase to the Crypt.
109538 | Vaults:2 | Found Ocousch's Antique Armour Shop.
110015 | Vaults:2 | Found a staircase to the Crypt.
110070 | Vaults:2 | Found Ocousch's Antique Armour Shop.
112432 | Vaults:2 | Found a staircase to the Crypt.
112487 | Vaults:2 | Found Ocousch's Antique Armour Shop.
112881 | Vaults:2 | Found Ocousch's Antique Armour Shop.
112956 | Vaults:2 | Found a staircase to the Crypt.
113983 | Vaults:3 | Received a gift from Sif Muna
114126 | Vaults:3 | Noticed a Tzitzimitl
115025 | Vaults:3 | Reached XP level 20. HP: 76/76 MP: 40/48
115757 | Vaults:3 | Reached skill level 10 in Summonings
116969 | Vaults:3 | Gained mutation: You are partially covered in molten scales. (AC +2) [mutagenic meat]
117292 | Vaults:3 | Received a gift from Sif Muna
117684 | Vaults:4 | Noticed Frederick
117687 | Vaults:4 | Killed Frederick
117895 | Vaults:4 | Noticed Sojobo
119337 | Vaults:4 | Reached skill level 15 in Translocations
119824 | Vaults:4 | Killed Sojobo
121353 | Vaults:3 | Identified Sif Muna's Grimoire of Displacement and Conjuration (Sif Muna gifted it to you on level 3 of the Vaults)
121353 | Vaults:3 | Received a gift from Sif Muna
121516 | Vaults:3 | Learned a level 7 spell: Malign Gateway
121791 | Vaults:2 | Found a staircase to the Crypt.
121846 | Vaults:2 | Found Ocousch's Antique Armour Shop.
124271 | Vaults:4 | Reached XP level 21. HP: 79/79 MP: 24/49
125026 | D:11     | Learned a level 1 spell: Confusing Touch
125324 | Shoals:4 | Noticed Nikola
125334 | Shoals:4 | Killed Nikola
125756 | Shoals:4 | Got a barnacled rune of Zot
125885 | Shoals:4 | Found Fateopu's Armour Shop.
126982 | Lair:4   | Found a staircase to the Shoals.
127424 | D:13     | Killed Rupert
128159 | Depths:1 | Received a gift from Sif Muna
128368 | Depths:1 | Gained mutation: You are extremely frail. (-30% HP) [mutagenic meat]
128369 | Depths:1 | Gained mutation: Your spells are much harder to cast, but much more powerful. [mutagenic meat]
128530 | Depths:1 | Found a radiant altar of Vehumet.
128670 | Depths:1 | Found Bicw's Antique Armour Shop.
129087 | Depths:1 | Found a gateway to Hell.
129320 | Depths:2 | Noticed Mara
129553 | Depths:2 | Lost mutation: Your spells are much harder to cast, but much more powerful. [mutagenic meat]
129555 | Depths:2 | Lost mutation: Your spells are harder to cast, but more powerful. [mutagenic meat]
129557 | Depths:2 | Gained mutation: You are partially covered in rugged brown scales. (AC +1, +3% HP) [mutagenic meat]
129680 | Depths:2 | Lost mutation: Your flesh is cold resistant. (rC+) [mutagenic meat]
129681 | Depths:2 | Gained mutation: Your muscles are strong. (Str +2) [mutagenic meat]
129717 | Depths:2 | Lost mutation: You occasionally shout uncontrollably at your foes. [mutagenic meat]
129718 | Depths:2 | Gained mutation: You evolve. [mutagenic meat]
129719 | Depths:2 | Lost mutation: You are partially covered in rugged brown scales. (AC +1, +3% HP) [mutagenic meat]
129721 | Depths:2 | Gained mutation: You possess an exceptional clarity of mind. [mutagenic meat]
129724 | Depths:2 | Lost mutation: Your muscles are strong. (Str +2) [mutagenic meat]
129726 | Depths:2 | Lost mutation: You are partially covered in large bone plates. (SH +4) [mutagenic meat]
129727 | Depths:2 | Lost mutation: Your spells are a little harder to cast, but a little more powerful. [mutagenic meat]
130126 | Depths:1 | Identified Sif Muna's Papyrus of Shifting Calling (Sif Muna gifted it to you on level 1 of the Depths)
130189 | Depths:1 | Found a gateway to Hell.
130213 | Depths:1 | Found Bicw's Antique Armour Shop.
130402 | Depths:1 | Found a radiant altar of Vehumet.
130518 | Depths:1 | Gained mutation: You can translocate small distances at will. [evolution]
130694 | Depths:2 | Reached skill level 15 in Fighting
132384 | Depths:3 | Found Ebly's Antique Armour Emporium.
132407 | Depths:3 | Identified Irebuafi's Compendium of Damaging Companions (Sif Muna gifted it to you on level 3 of the Depths)
132407 | Depths:3 | Received a gift from Sif Muna
132705 | Depths:3 | Learned a level 8 spell: Controlled Blink
132714 | Depths:3 | Found a one-way gate leading to the halls of Pandemonium.
133047 | D:8      | Killed Joseph
133183 | Temple   | Entered the Ecumenical Temple
133474 | Temple   | Fell from the grace of Sif Muna
133474 | Temple   | Became a worshipper of Cheibriados the Contemplative
133530 | D:6      | Found a bloodstained altar of Trog.
133931 | D:6      | Found a basalt altar of Yredelemnul.
134614 | D:7      | Found a hide-covered altar of Uskayaw.
134865 | D:8      | Found Ucuat's Gadget Emporium.
135746 | D:9      | Found a staircase to the Orcish Mines.
135799 | D:9      | Found a staircase to the Lair.
136499 | D:10     | Found Naurekypp's Assorted Antiques.
136687 | D:10     | Reached skill level 1 in Invocations
137730 | D:13     | Lost mutation: You possess an exceptional clarity of mind. [a neqoxec]
137736 | D:13     | Killed Frances
137736 | D:13     | Reached XP level 22. HP: 73/73 MP: 45/51
138169 | D:14     | Found a stormy altar of Qazlal.
138265 | D:14     | Found a gate to the Vaults.
138318 | D:14     | Slain by a two-headed ogre
138319 | D:14     | Reached XP level 21. HP: -1/70 MP: 40/50
138478 | D:14     | Found Memout's Gadget Boutique.
138706 | D:15     | Found Fijeehex's Armour Shop.
138889 | D:15     | Found a staircase to the Depths.
139524 | Depths:1 | Found Bicw's Antique Armour Shop.
139754 | Depths:1 | Found a radiant altar of Vehumet.
140733 | Depths:3 | Found a one-way gate leading to the halls of Pandemonium.
140748 | Depths:3 | Found Ebly's Antique Armour Emporium.
141098 | Depths:3 | Reached * piety under Cheibriados
141245 | Depths:3 | Reached skill level 5 in Invocations
141248 | Depths:3 | Found a burning altar of Makhleb.
141608 | Depths:3 | Got a twitching bronze ring
141820 | Depths:3 | Reached ** piety under Cheibriados
141822 | Depths:3 | Found a one-way gate leading to the halls of Pandemonium.
141987 | Depths:3 | Found Ebly's Antique Armour Emporium.
142702 | Depths:3 | Gained mutation: You possess an exceptional clarity of mind. [mutagenic meat]
142793 | Depths:3 | Found Ebly's Antique Armour Emporium.
143074 | Depths:3 | Found a one-way gate leading to the halls of Pandemonium.
143560 | Depths:3 | Noticed an ancient lich
143574 | Depths:3 | Killed an ancient lich
143574 | Depths:3 | Reached *** piety under Cheibriados
143869 | Depths:3 | Paralysed by a floating eye for 4 turns
144101 | Depths:3 | Found Ebly's Antique Armour Emporium.
144404 | Depths:3 | Found a one-way gate leading to the halls of Pandemonium.
144512 | Depths:3 | Lost mutation: You are extremely frail. (-30% HP) [evolution]
144745 | Depths:3 | Found a one-way gate leading to the halls of Pandemonium.
144894 | Depths:3 | Found Ebly's Antique Armour Emporium.
145362 | Depths:3 | Identified the ring "Qoaxzaoc" {+Inv Str-5 Int+4 SInv} (You took it off a hell knight on level 3 of the Depths)
145468 | Depths:3 | Found a runed door.
145497 | Depths:3 | Found a runed door.
145530 | Depths:3 | Noticed a golden dragon
145534 | Depths:3 | Killed a golden dragon
145601 | Depths:3 | Found a burning altar of Makhleb.
146297 | Depths:1 | Found Bicw's Antique Armour Shop.
146396 | Depths:1 | Found a radiant altar of Vehumet.
146700 | Depths:1 | Found Bicw's Antique Armour Shop.
146868 | Depths:1 | Found a radiant altar of Vehumet.
146912 | Depths:1 | Reached **** piety under Cheibriados
147019 | Depths:1 | Found Bicw's Antique Armour Shop.
147119 | Depths:1 | Found a radiant altar of Vehumet.
147515 | Depths:1 | Found Bicw's Antique Armour Shop.
147725 | Depths:1 | Found a radiant altar of Vehumet.
151463 | Depths:2 | Reached ***** piety under Cheibriados
151767 | Depths:3 | Found a one-way gate leading to the halls of Pandemonium.
151831 | Depths:3 | Found a burning altar of Makhleb.
152169 | Depths:3 | Found Ebly's Antique Armour Emporium.
152407 | Depths:3 | Noticed a caustic shrike
152420 | Depths:3 | Killed a caustic shrike
152771 | Depths:4 | Noticed Xtahua
152774 | Depths:4 | Killed Xtahua
153232 | Depths:4 | Reached skill level 15 in Unarmed Combat
153245 | Depths:4 | Reached XP level 22. HP: 38/84 MP: 39/51
153485 | Depths:4 | Lost mutation: You are very frail. (-20% HP) [mutagenic meat]
153487 | Depths:4 | Lost mutation: Your flesh is heat resistant. (rF+) [mutagenic meat]
153488 | Depths:4 | Gained mutation: You are occasionally teleported next to monsters. [mutagenic meat]
153489 | Depths:4 | Lost mutation: You possess an exceptional clarity of mind. [mutagenic meat]
153491 | Depths:4 | Gained mutation: You are very frail. (-20% HP) [mutagenic meat]
153492 | Depths:4 | Lost mutation: You evolve. [mutagenic meat]
153693 | Depths:4 | Noticed Krampus's illusion
153696 | Depths:4 | Killed Mara
154191 | Depths:4 | Found Ryleme's Jewellery Shop.
154196 | Depths:4 | Found Dicirrus's Antique Armour Shop.
154222 | Depths:4 | Reached skill level 5 in Evocations
154557 | Depths:4 | Gained mutation: You have a pair of small horns on your head. [mutagenic meat]
154558 | Depths:4 | Lost mutation: You are very frail. (-20% HP) [mutagenic meat]
154560 | Depths:4 | Gained mutation: You are weak. (Str -2) [mutagenic meat]
154562 | Depths:4 | Gained mutation: Your body sometimes deteriorates upon taking damage. [mutagenic meat]
154563 | Depths:4 | Gained mutation: You have a somewhat thin skeletal structure. (Dex +2, Stealth) [mutagenic meat]
154747 | Depths:4 | Gained mutation: You are very weak. (Str -4) [mutagenic meat]
154748 | Depths:4 | Gained mutation: Your spells are a little harder to cast, but a little more powerful. [mutagenic meat]
154996 | Depths:3 | Found a burning altar of Makhleb.
155171 | Depths:3 | Found a one-way gate leading to the halls of Pandemonium.
155297 | Depths:3 | Found Ebly's Antique Armour Emporium.
155690 | Depths:3 | Was forgiven by Sif Muna
155995 | Depths:4 | Reached ****** piety under Cheibriados
156059 | Depths:4 | Found an iron altar of Okawaru.
156280 | Depths:4 | Found a one-way gate to the infinite horrors of the Abyss.
156999 | Depths:4 | Found a one-way gate to the infinite horrors of the Abyss.
157026 | Depths:4 | Found an iron altar of Okawaru.
157053 | Depths:4 | Found Ryleme's Jewellery Shop.
157058 | Depths:4 | Found Dicirrus's Antique Armour Shop.
157842 | Depths:4 | Found Ryleme's Jewellery Shop.
157847 | Depths:4 | Found Dicirrus's Antique Armour Shop.
157976 | Depths:4 | Found a one-way gate to the infinite horrors of the Abyss.
158003 | Depths:4 | Found an iron altar of Okawaru.
158705 | Depths:4 | Found an iron altar of Okawaru.
158726 | Depths:4 | Found a one-way gate to the infinite horrors of the Abyss.
158806 | Depths:4 | Found Ryleme's Jewellery Shop.
158811 | Depths:4 | Found Dicirrus's Antique Armour Shop.
159424 | Depths:4 | Found an iron altar of Okawaru.
159452 | Depths:4 | Found a one-way gate to the infinite horrors of the Abyss.
159527 | Depths:4 | Found Ryleme's Jewellery Shop.
159531 | Depths:4 | Found Dicirrus's Antique Armour Shop.
160566 | Depths:4 | Found an iron altar of Okawaru.
160587 | Depths:4 | Found a one-way gate to the infinite horrors of the Abyss.
160723 | Depths:4 | Found Ryleme's Jewellery Shop.
160728 | Depths:4 | Found Dicirrus's Antique Armour Shop.
161831 | Depths:4 | Found an iron altar of Okawaru.
161859 | Depths:4 | Found a one-way gate to the infinite horrors of the Abyss.
161934 | Depths:4 | Found Ryleme's Jewellery Shop.
161938 | Depths:4 | Found Dicirrus's Antique Armour Shop.
162720 | Depths:5 | Entered Level 5 of the Depths
162778 | Depths:5 | Found a gateway to a ziggurat.
163533 | Depths:5 | Found a gate to the Realm of Zot.
163548 | Depths:5 | Reached XP level 23. HP: 99/99 MP: 29/52
163862 | Depths:5 | Gained mutation: Your mind is acute. (Int +2) [mutagenic meat]
163863 | Depths:5 | Lost mutation: Your mind is acute. (Int +2) [mutagenic meat]
164802 | Depths:5 | Gained mutation: You are surrounded by a mild repulsion field. (EV +2) [mutagenic meat]
164804 | Depths:5 | Lost mutation: You are very weak. (Str -4) [mutagenic meat]
164806 | Depths:5 | Lost mutation: Your body sometimes deteriorates upon taking damage. [mutagenic meat]
165216 | Depths:4 | Noticed a caustic shrike
165217 | Depths:4 | Noticed a caustic shrike
165218 | Depths:4 | Noticed a caustic shrike
165219 | Depths:4 | Noticed a caustic shrike
165221 | Depths:4 | Noticed a caustic shrike
165222 | Depths:4 | Killed a caustic shrike
165224 | Depths:4 | Killed a caustic shrike
165227 | Depths:4 | Killed a caustic shrike
165227 | Depths:4 | Killed a caustic shrike
165232 | Depths:4 | Killed a caustic shrike
165302 | Depths:4 | Bought the cursed ring of Ylupikalu {+Fly rElec rN+ Int-6} for 302 gold pieces
166401 | Vaults:5 | Entered Level 5 of the Vaults
166411 | Vaults:5 | Noticed an ancient lich
166411 | Vaults:5 | Noticed cotteux's ghost (adept GrBe)
167772 | Vaults:4 | Gained mutation: Your body sometimes deteriorates upon taking damage. [mutagenic meat]
169281 | Vaults:5 | Noticed Mennas
169281 | Vaults:5 | Killed an ancient lich
169295 | Vaults:5 | Reached XP level 24. HP: 105/105 MP: 44/53
169319 | Vaults:5 | Killed from afar by a titan
169320 | Vaults:5 | Reached XP level 23. HP: 1/130 MP: 37/53
169358 | Vaults:5 | Got a fine brass ring
169359 | Vaults:5 | Identified the ring of the Townfolk {Ice rPois Dex+3} (You found it on level 5 of the Vaults)
169717 | Vaults:5 | Killed Mennas
170227 | Vaults:5 | Noticed a caustic shrike
170227 | Vaults:5 | a dire elephant changed into a caustic shrike
170230 | Vaults:5 | a caustic shrike changed into a sphinx
171108 | Vaults:4 | Gained mutation: You are agile. (Dex +2) [mutagenic meat]
171273 | Vaults:4 | Lost mutation: Your spells are a little harder to cast, but a little more powerful. [mutagenic meat]
171274 | Vaults:4 | Lost mutation: You are weak. (Str -2) [mutagenic meat]
171276 | Vaults:4 | Gained mutation: Your spells are a little easier to cast, but a little less powerful. [mutagenic meat]
171346 | Vaults:5 | Got a silver rune of Zot
171587 | Vaults:5 | Found Zextahil's Book Emporium.
171697 | Vaults:5 | Killed cotteux's ghost
172468 | Vaults:5 | Lost mutation: You are frail. (-10% HP) [mutagenic meat]
172495 | Vaults:5 | Found Zextahil's Book Emporium.
173000 | Vaults:5 | Reached XP level 24. HP: 118/118 MP: 52/54
173378 | Vaults:5 | Found Zextahil's Book Emporium.
174178 | Vaults:5 | Found Zextahil's Book Emporium.
175019 | Vaults:5 | Found Zextahil's Book Emporium.
175730 | Vaults:5 | Found Zextahil's Book Emporium.
175784 | Vaults:5 | Reached skill level 15 in Dodging
176898 | Vaults:5 | Found Zextahil's Book Emporium.
177584 | Crypt:1  | Entered Level 1 of the Crypt
178704 | Crypt:2  | Noticed Saint Roka
178869 | Crypt:2  | Killed Saint Roka
179009 | Crypt:2  | Noticed a greater mummy
179014 | Crypt:2  | Killed a greater mummy
179042 | Crypt:2  | Noticed a greater mummy
179057 | Crypt:2  | Killed a greater mummy
179106 | Crypt:2  | Noticed a greater mummy
179109 | Crypt:2  | Noticed Khufu
179125 | Crypt:2  | Killed a greater mummy
179141 | Crypt:2  | Killed Khufu
179495 | Crypt:3  | Entered Level 3 of the Crypt
180036 | Crypt:3  | Reached XP level 25. HP: 58/123 MP: 33/55
180264 | Crypt:3  | Found a basalt altar of Yredelemnul.
180591 | Crypt:3  | Found a staircase to the Tomb.
180607 | Crypt:3  | Noticed Jory
180636 | Crypt:3  | Killed Jory
181196 | Vaults:3 | Lost mutation: Your body sometimes deteriorates upon taking damage. [potion of mutation]
181196 | Vaults:3 | Lost mutation: You have a pair of small horns on your head. [potion of mutation]
181196 | Vaults:3 | Lost mutation: You are agile. (Dex +2) [potion of mutation]
181196 | Vaults:3 | Lost mutation: You have an increased reservoir of magic. (+10% MP) [potion of mutation]
181196 | Vaults:3 | Gained mutation: You evolve. [potion of mutation]
181436 | Hell     | Entered the Vestibule of Hell
181436 | Hell     | Noticed Geryon
181450 | Hell     | Killed Geryon
181908 | Hell     | Found a gateway to the ashen valley of Gehenna.
181960 | Hell     | Found a gateway to the decaying netherworld of Tartarus.
182040 | Hell     | Found a gateway to the freezing wastes of Cocytus.
182158 | Hell     | Found a gateway to the Iron City of Dis.
182260 | Hell     | Lost mutation: Your spells are a little easier to cast, but a little less powerful. [evolution]
182377 | Geh:1    | Entered Level 1 of Gehenna
183251 | Geh:1    | Reached XP level 26. HP: 126/126 MP: 46/51
185469 | Geh:3    | Gained mutation: Your body sometimes deteriorates upon taking damage. [mutagenic glow]
185782 | Geh:3    | Reached XP level 27. HP: 132/132 MP: 47/51
186918 | Geh:4    | Reached skill level 5 in Necromancy
188165 | D:11     | Learned a level 7 spell: Spellforged Servitor
188173 | D:11     | Learned a level 7 spell: Orb of Destruction
188183 | D:11     | Learned a level 7 spell: Dragon Form
188499 | Geh:2    | Gained mutation: You do not regenerate when monsters are visible. [mutagenic glow]
188517 | Geh:3    | Gained mutation: You occasionally shout uncontrollably at your foes. [mutagenic glow]
190266 | Geh:6    | Slain by a reaper
190444 | Geh:6    | Blown up by a spellforged servitor
190445 | Geh:6    | Reached XP level 26. HP: -27/174 MP: 17/52
190472 | Geh:6    | Gained mutation: You are resistant to hostile enchantments. (MR+) [evolution]
190473 | Geh:6    | Learned a level 7 spell: Summon Hydra
190775 | Geh:6    | Reached XP level 27. HP: 137/137 MP: 40/52
191168 | Geh:7    | Entered Level 7 of Gehenna
191403 | Zig:1    | Entered Level 1 of a ziggurat
191420 | Zig:2    | Entered Level 2 of a ziggurat
191451 | Zig:3    | Entered Level 3 of a ziggurat
191596 | Zig:4    | Entered Level 4 of a ziggurat
191623 | Zig:5    | Entered Level 5 of a ziggurat
191752 | Zig:6    | Entered Level 6 of a ziggurat
191805 | Zig:7    | Entered Level 7 of a ziggurat
191871 | Zig:7    | Identified Sif Muna's Compendium of Lightness
191879 | Zig:8    | Entered Level 8 of a ziggurat
191926 | Zig:8    | Got a fine ivory ring
191927 | Zig:8    | Identified the cursed ring of Kisch {rN+ AC-2 Str+3 Dex+2} (You found it on level 8 of a ziggurat)
191973 | Zig:9    | Entered Level 9 of a ziggurat
191986 | Zig:9    | Noticed Junn the pandemonium lord
191994 | Zig:9    | Killed Junn the pandemonium lord
192000 | Zig:10   | Entered Level 10 of a ziggurat
192166 | Zig:10   | Reached skill level 10 in Invocations
192216 | Zig:10   | Got a flickering amber ring
192223 | Zig:10   | Identified the ring of Mysticism {Fire Str+3 Dex+2} (You found it on level 10 of a ziggurat)
192233 | Zig:10   | Lost mutation: You have a somewhat thin skeletal structure. (Dex +2, Stealth) [potion of mutation]
192233 | Zig:10   | Lost mutation: You occasionally shout uncontrollably at your foes. [potion of mutation]
192233 | Zig:10   | Lost mutation: You can translocate small distances at will. [potion of mutation]
192233 | Zig:10   | Lost mutation: Your body sometimes deteriorates upon taking damage. [potion of mutation]
192233 | Zig:10   | Lost mutation: You do not regenerate when monsters are visible. [potion of mutation]
192233 | Zig:10   | Gained mutation: Your body sometimes deteriorates upon taking damage. [potion of mutation]
192233 | Zig:10   | Gained mutation: You are partially covered in large bone plates. (SH +4) [potion of mutation]
192233 | Zig:10   | Gained mutation: You have a pair of small horns on your head. [potion of mutation]
192315 | Zig:11   | Entered Level 11 of a ziggurat
192332 | Zig:11   | Noticed a juggernaut
192333 | Zig:11   | Noticed a juggernaut
192334 | Zig:11   | Noticed a juggernaut
192337 | Zig:11   | Killed a juggernaut
192340 | Zig:11   | Killed a juggernaut
192341 | Zig:11   | Killed a juggernaut
192345 | Zig:11   | Noticed a juggernaut
192351 | Zig:11   | Killed a juggernaut
192372 | Zig:11   | Lost mutation: You evolve. [potion of mutation]
192372 | Zig:11   | Lost mutation: Your system is resistant to poisons. (rPois) [potion of mutation]
192372 | Zig:11   | Lost mutation: You are partially covered in large bone plates. (SH +4) [potion of mutation]
192372 | Zig:11   | Gained mutation: You have a pair of horns on your head. [potion of mutation]
192372 | Zig:11   | Gained mutation: You are mostly covered in molten scales. (AC +3) [potion of mutation]
192373 | Zig:11   | Lost mutation: Your body sometimes deteriorates upon taking damage. [potion of mutation]
192373 | Zig:11   | Gained mutation: You are somewhat resistant to further mutation. [potion of mutation]
192376 | Zig:11   | Identified the Volume of Creative Necromancy
192493 | Zig:12   | Entered Level 12 of a ziggurat
192515 | Zig:12   | Noticed Emmal the pandemonium lord
192517 | Zig:13   | Entered Level 13 of a ziggurat
192549 | Zig:14   | Entered Level 14 of a ziggurat
193162 | Depths:5 | Found a gate to the Realm of Zot.
193790 | Depths:4 | Found Dicirrus's Antique Armour Shop.
193795 | Depths:4 | Found Ryleme's Jewellery Shop.
193951 | Depths:4 | Found a one-way gate to the infinite horrors of the Abyss.
193978 | Depths:4 | Found an iron altar of Okawaru.
194702 | Depths:3 | Found a one-way gate leading to the halls of Pandemonium.
194772 | Depths:3 | Found a burning altar of Makhleb.
195070 | Depths:3 | Found Ebly's Antique Armour Emporium.
196631 | Depths:1 | Found Bicw's Antique Armour Shop.
196829 | Depths:1 | Found a radiant altar of Vehumet.
197044 | Depths:1 | Found Bicw's Antique Armour Shop.
197232 | Depths:1 | Found a radiant altar of Vehumet.
197430 | Depths:1 | Found Bicw's Antique Armour Shop.
197589 | Depths:1 | Found a radiant altar of Vehumet.
197869 | D:15     | Found Fijeehex's Armour Shop.
198510 | D:10     | Bought a potion of resistance for 280 gold pieces
201786 | Dis:1    | Entered Level 1 of the Iron City of Dis
204790 | Dis:3    | Gained mutation: You are clumsy. (Dex -2) [mutagenic glow]
205515 | Dis:4    | Reached skill level 27 in Fighting
205515 | Dis:4    | Reached skill level 15 in Conjurations
205548 | Dis:4    | Gained mutation: You are weak. (Str -2) [mutagenic glow]
205562 | Dis:4    | Gained mutation: You expend magic power (3 MP) to strengthen your wands. [mutagenic glow]
209001 | Depths:1 | Found Bicw's Antique Armour Shop.
209200 | Depths:1 | Found a radiant altar of Vehumet.
209511 | D:15     | Found Fijeehex's Armour Shop.
210046 | D:14     | Found a stormy altar of Qazlal.
210145 | D:14     | Found a gate to the Vaults.
210267 | D:14     | Found Memout's Gadget Boutique.
210553 | D:14     | Found Memout's Gadget Boutique.
211272 | D:12     | Gained mutation: Your spells are a little harder to cast, but a little more powerful. [mutagenic meat]
211274 | D:12     | Gained mutation: You are very clumsy. (Dex -4) [mutagenic meat]
213574 | D:10     | Found Naurekypp's Assorted Antiques.
214228 | D:9      | Found a staircase to the Lair.
214822 | D:9      | Found a staircase to the Lair.
215134 | D:9      | Found a staircase to the Orcish Mines.
215847 | D:8      | Found Ucuat's Gadget Emporium.
216524 | D:7      | Found a hide-covered altar of Uskayaw.
217139 | D:6      | Found a staircase to the Ecumenical Temple.
217314 | D:6      | Found a basalt altar of Yredelemnul.
217556 | D:6      | Found a bloodstained altar of Trog.
217653 | D:5      | Found a deep blue altar of Sif Muna.
218209 | D:5      | Found Buatwo's Armour Boutique.
218290 | D:5      | Found a deep blue altar of Sif Muna.
218818 | D:5      | Found Buatwo's Armour Boutique.
219373 | Depths:4 | Found Ryleme's Jewellery Shop.
219378 | Depths:4 | Found Dicirrus's Antique Armour Shop.
219490 | Depths:4 | Found a one-way gate to the infinite horrors of the Abyss.
219517 | Depths:4 | Found an iron altar of Okawaru.
220439 | Depths:5 | Found a gate to the Realm of Zot.
222031 | Depths:5 | Found a gate to the Realm of Zot.
222368 | Depths:5 | Found a gate to the Realm of Zot.
222926 | Depths:5 | Found a gate to the Realm of Zot.
223703 | Depths:5 | Found a gate to the Realm of Zot.
223831 | Depths:5 | Noticed a juggernaut
223835 | Depths:5 | Killed a juggernaut
224291 | Depths:5 | Found a gate to the Realm of Zot.
224853 | Depths:5 | Found a gate to the Realm of Zot.
225030 | Depths:5 | Gained mutation: You possess an exceptional clarity of mind. [mutagenic meat]
225288 | Depths:5 | Reached skill level 15 in Summonings
225562 | Depths:5 | Found a gate to the Realm of Zot.
226149 | Depths:5 | Found a gate to the Realm of Zot.
226826 | Depths:5 | Found a gate to the Realm of Zot.
227395 | Depths:5 | Found a gate to the Realm of Zot.
228047 | Depths:5 | Found a gate to the Realm of Zot.
228640 | Depths:5 | Found a gate to the Realm of Zot.
229303 | Depths:5 | Found a gate to the Realm of Zot.
229867 | Depths:5 | Found a gate to the Realm of Zot.
230526 | Depths:5 | Found a gate to the Realm of Zot.
231089 | Depths:5 | Found a gate to the Realm of Zot.
231748 | Depths:5 | Found a gate to the Realm of Zot.
232329 | Depths:5 | Found a gate to the Realm of Zot.
233081 | Depths:4 | Found Dicirrus's Antique Armour Shop.
233086 | Depths:4 | Found Ryleme's Jewellery Shop.
233232 | Depths:4 | Found a one-way gate to the infinite horrors of the Abyss.
233259 | Depths:4 | Found an iron altar of Okawaru.
234033 | Depths:4 | Found a one-way gate to the infinite horrors of the Abyss.
234060 | Depths:4 | Found an iron altar of Okawaru.
234163 | Depths:4 | Found Ryleme's Jewellery Shop.
234168 | Depths:4 | Found Dicirrus's Antique Armour Shop.
234748 | Depths:4 | Found Dicirrus's Antique Armour Shop.
234753 | Depths:4 | Found Ryleme's Jewellery Shop.
234863 | Depths:4 | Found a one-way gate to the infinite horrors of the Abyss.
234890 | Depths:4 | Found an iron altar of Okawaru.
235647 | Depths:4 | Found an iron altar of Okawaru.
235668 | Depths:4 | Found a one-way gate to the infinite horrors of the Abyss.
235743 | Depths:4 | Found Ryleme's Jewellery Shop.
235748 | Depths:4 | Found Dicirrus's Antique Armour Shop.
236848 | Depths:5 | Found a gate to the Realm of Zot.
237258 | Depths:5 | Found a gate to the Realm of Zot.
245591 | Lair:5   | Found a staircase to the Slime Pits.
247694 | Depths:4 | Learned a level 1 spell: Summon Butterflies
248179 | Slime:1  | Entered Level 1 of the Pits of Slime
249110 | Slime:3  | Gained mutation: Your magical capacity is low. (-10% MP) [a shining eye]
249292 | Slime:5  | Entered Level 5 of the Pits of Slime
249304 | Slime:5  | Noticed the Royal Jelly
249308 | Slime:5  | Killed the Royal Jelly
249640 | Slime:5  | Got a slimy rune of Zot
249641 | Slime:5  | Identified the Guide on Congealing Ignition
249674 | Slime:5  | Gained mutation: Your magical capacity is very low. (-20% MP) [a shining eye]
249758 | Slime:5  | Identified Niesitiss's Volume of Dislocated Malediction
250521 | Zot:1    | Entered Level 1 of the Realm of Zot
250857 | Zot:1    | Reached skill level 27 in Unarmed Combat
251104 | Zot:1    | Noticed an orb of fire
251112 | Zot:1    | Killed an orb of fire
251283 | Zot:1    | Reached skill level 15 in Transmutations
251832 | Zot:2    | Lost mutation: You are very clumsy. (Dex -4) [potion of mutation]
251832 | Zot:2    | Lost mutation: Your spells are a little harder to cast, but a little more powerful. [potion of mutation]
251832 | Zot:2    | Lost mutation: Your magical capacity is very low. (-20% MP) [potion of mutation]
251832 | Zot:2    | Lost mutation: You are weak. (Str -2) [potion of mutation]
251832 | Zot:2    | Lost mutation: You have a pair of horns on your head. [potion of mutation]
251832 | Zot:2    | Lost mutation: You are resistant to hostile enchantments. (MR+) [potion of mutation]
251861 | Zot:2    | Noticed Tiamat
251884 | Zot:2    | Killed Tiamat
252550 | Zot:3    | Learned a level 8 spell: Summon Horrible Things
254722 | D:11     | Learned a level 8 spell: Disjunction
255166 | Zot:5    | Entered Level 5 of the Realm of Zot
255386 | Zot:5    | Noticed hilaritas's ghost (legendary FoFi)
255402 | Zot:5    | Killed hilaritas's ghost
255482 | Zot:5    | Noticed an orb of fire
255482 | Zot:5    | Noticed an orb of fire
255494 | Zot:5    | Noticed an ancient lich
255497 | Zot:5    | Killed an ancient lich
255507 | Zot:5    | Noticed an orb of fire
255515 | Zot:5    | Noticed an orb of fire
255614 | Zot:5    | Noticed an orb of fire
255615 | Zot:5    | Noticed an ancient lich
255617 | Zot:5    | Noticed an ancient lich
255777 | Zot:5    | Killed an orb of fire
255882 | Zot:5    | Noticed an orb of fire
255885 | Zot:5    | Noticed an orb of fire
255887 | Zot:5    | Noticed an orb of fire
255889 | Zot:5    | Killed an ancient lich
255892 | Zot:5    | Killed an orb of fire
255892 | Zot:5    | Gained mutation: Your body sometimes deteriorates upon taking damage. [an orb of fire]
255893 | Zot:5    | Killed an orb of fire
255893 | Zot:5    | Killed an orb of fire
255893 | Zot:5    | Killed an orb of fire
256075 | Zot:5    | Killed an orb of fire
256090 | Zot:5    | Noticed an orb of fire
256093 | Zot:5    | Killed an orb of fire
256124 | Zot:5    | HP: 4/193 [orb of fire/bolt of fire (17)]
256133 | Zot:5    | Killed an orb of fire
256248 | Zot:5    | Killed an ancient lich
256632 | Zot:5    | Killed an orb of fire
256905 | Zot:5    | Got the Orb of Zot
256935 | Zot:5    | Noticed an ancient lich
257006 | Zot:3    | Gained mutation: You occasionally shout uncontrollably at your foes. [a cacodemon]
257042 | Zot:2    | Noticed Riennuih the pandemonium lord
257052 | Zot:2    | Killed Riennuih the pandemonium lord
257593 | D:5      | Noticed a seraph
257672 | D:$      | Escaped with the Orb!

Skill      XL: |  1  2  3  4  5  6  7  8  9 10 11 12 13 14 15 16 17 18 19 20 21 22 23 24 25 26 27 |
---------------+----------------------------------------------------------------------------------+-----
Poison Magic   | 3 4 5 7 8 |  8.1
Dodging        | 3 4 5 6 7 8 11 12 13 14 15 20 | 20.3
Conjurations   | 1 5 4 7 8 9 11 12 20 | 20.2
Air Magic      | 1 2 3 4 |  4.0
Spellcasting   | 3 4 5 7 8 10 12 13 16 15 18 19 21 22 23 24 | 24.1
Unarmed Combat | 1 2 4 5 8 10 11 12 13 15 17 20 21 23 25 27 | 27.0
Fighting       | 1 3 4 8 7 9 10 12 13 14 15 16 18 19 20 27 | 27.0
Stealth        | 12 15 20 | 20.9
Earth Magic    | 4 6 7 9 |  9.0
Translocations | 5 7 9 13 17 20 | 20.1
Fire Magic     | 3 5 7 |  7.2
Charms         | 7 8 |  8.2
Summonings     | 4 6 9 12 22 | 22.2
Necromancy     | 2 4 8 |  8.8
Evocations     | 1 2 4 6 7 |  7.0
Transmutations | 9 10 11 16 | 16.3
Invocations    | 7 9 11 | 11.7

Action                   |  1- 3 |  4- 6 |  7- 9 | 10-12 | 13-15 | 16-18 | 19-21 | 22-24 | 25-27 || total
-------------------------+-------+-------+-------+-------+-------+-------+-------+-------+-------++-------
Melee: Unarmed           |    39 |    38 |   193 |   459 |   299 |   543 |   981 |  1188 |  4647 ||  8387
       Bite              |     6 |     6 |    22 |    33 |    32 |    59 |   138 |   239 |   778 ||  1313
       Punch             |       |       |     3 |    15 |    17 |    28 |    70 |   201 |   695 ||  1029
       Headbutt          |       |       |    10 |     4 |       |       |       |   382 |   779 ||  1175
       Tailslap          |       |       |       |       |       |       |       |       |    13 ||    13
 Cast: Sting             |    13 |       |    13 |       |       |       |       |       |       ||    26
       Poisonous Vapours |    40 |    75 |   224 |   333 |   396 |     4 |       |       |       ||  1072
       Olgreb's Toxic Ra |       |       |    12 |   157 |   367 |   189 |   186 |    25 |    16 ||   952
       Mephitic Cloud    |       |       |     1 |       |     3 |     2 |       |       |       ||     6
       Venom Bolt        |       |       |       |    20 |       |       |       |       |       ||    20
       Stone Arrow       |       |       |       |    89 |   347 |   643 |   161 |    52 |       ||  1292
       Bolt of Magma     |       |       |       |       |    60 |    20 |       |       |       ||    80
       Blink             |       |       |       |       |     6 |    10 |     6 |       |       ||    22
       Iskenderun's Batt |       |       |       |       |    48 |   374 |   256 |    61 |     4 ||   743
       Fireball          |       |       |       |       |    43 |   435 |   307 |    49 |     5 ||   839
       Regeneration      |       |       |       |       |       |   106 |    52 |    39 |   301 ||   498
       Deflect Missiles  |       |       |       |       |       |    23 |     6 |     1 |    11 ||    41
       Conjure Flame     |       |       |       |       |       |     7 |     1 |       |       ||     8
       Statue Form       |       |       |       |       |       |    70 |   117 |   159 |   570 ||   916
       Irradiate         |       |       |       |       |       |    15 |    19 |     4 |     5 ||    43
       Summon Forest     |       |       |       |       |       |     4 |     2 |       |       ||     6
       Magic Dart        |       |       |       |       |       |   394 |   190 |     3 |       ||   587
       Passwall          |       |       |       |       |       |     5 |       |       |    17 ||    22
       Swiftness         |       |       |       |       |       |     3 |    11 |       |       ||    14
       Malign Gateway    |       |       |       |       |       |       |    55 |    49 |    81 ||   185
       Confusing Touch   |       |       |       |       |       |       |    12 |     3 |     3 ||    18
       Controlled Blink  |       |       |       |       |       |       |     4 |    55 |    43 ||   102
       Apportation       |       |       |       |       |       |       |       |     1 |     3 ||     4
       Summon Hydra      |       |       |       |       |       |       |       |       |    70 ||    70
       Spellforged Servi |       |       |       |       |       |       |       |       |   185 ||   185
       Summon Horrible T |       |       |       |       |       |       |       |       |    41 ||    41
       Orb of Destructio |       |       |       |       |       |       |       |       |    17 ||    17
       Dragon Form       |       |       |       |       |       |       |       |       |     8 ||     8
       Summon Butterflie |       |       |       |       |       |       |       |       |     7 ||     7
       Disjunction       |       |       |       |       |       |       |       |       |     6 ||     6
Invok: Divine Energy     |       |       |     1 |       |       |       |       |       |       ||     1
       Forget Spell      |       |       |       |       |     1 |     4 |       |       |       ||     5
       Slouch            |       |       |       |       |       |       |       |       |     6 ||     6
 Abil: Evoke Flight      |       |       |       |       |       |    32 |     4 |       |       ||    36
       End Transformatio |       |       |       |       |       |     3 |     4 |       |    10 ||    17
       Evoke Invisibilit |       |       |       |       |       |       |     1 |     3 |    11 ||    15
       Breathe Fire      |       |       |       |       |       |       |       |       |     3 ||     3
Evoke: Wand              |       |       |       |     6 |    31 |    19 |     1 |       |     1 ||    58
       Phantom mirror    |       |       |       |     1 |       |     1 |       |       |     2 ||     4
       Lamp of fire      |       |       |       |       |     2 |     2 |       |       |     1 ||     5
       Phial of floods   |       |       |       |       |     1 |     1 |       |       |       ||     2
       Sack of spiders   |       |       |       |       |       |       |       |       |     1 ||     1
  Use: Scroll            |       |       |     5 |    23 |    11 |    23 |    13 |     7 |    29 ||   111
       Potion            |       |       |     1 |    10 |     6 |     7 |     4 |     2 |    31 ||    61
 Stab: Sleeping          |     1 |     1 |     1 |    10 |    17 |    15 |    16 |    14 |    41 ||   116
       Distracted        |       |       |       |       |     1 |     1 |     8 |    14 |    93 ||   117
       Invisible         |       |       |       |       |       |     2 |       |       |     7 ||     9
       Confused          |       |       |       |       |       |       |     3 |     2 |     3 ||     8
       Paralysed         |       |       |       |       |       |       |       |     4 |     1 ||     5
       Petrifying        |       |       |       |       |       |       |       |       |     2 ||     2
  Eat: Chunk             |    14 |    10 |    25 |    61 |   101 |   235 |   176 |   103 |   157 ||   882
       Meat ration       |       |       |       |       |       |     3 |       |       |     8 ||    11
Armor: Skin              |     4 |     5 |    46 |    56 |    44 |   231 |   236 |   301 |  1198 ||  2121
Dodge: Dodged            |    31 |    42 |   233 |   515 |   642 |  1536 |  2003 |  2606 |  9255 || 16863
       Deflected         |       |       |       |       |       |   140 |    63 |    43 |    79 ||   325
Block: Other             |       |       |       |       |       |    41 |   135 |       |     1 ||   177
